 Dungeon Crawl Stone Soup version 0.30-a0-540-g0af01429fa (webtiles) character file.

Game seed: 2064289614419037232

237800 scionoferis the Thaumaturge (level 19, -14/126 HPs)
             Began as an Octopode Air Elementalist on Dec 23, 2022.
             Was a High Priest of Sif Muna.
             Demolished by a spark wasp (16 damage)
             ... led by a torpor snail
             ... on level 4 of the Spider Nest on Dec 25, 2022.
             The game lasted 03:09:39 (42000 turns).

scionoferis the Thaumaturge (OpAE)                 Turns: 42000, Time: 03:09:39

Health: -14/126    AC: 16    Str:  6 (7)  XL:     19   Next: 70%
Magic:  1/55       EV: 17    Int: 34 (35) God:    Sif Muna [*****.]
Gold:   1440       SH:  6    Dex: 13      Spells: 10/47 levels left

rFire   + + +      SeeInvis +    a - +3 Elemental Staff {rElec rF++ rC++ AC+5}
rCold   + + +      Faith    .    i - +0 buckler
rNeg    . . .      Spirit   .    h - +2 hat {Stlth+}
rPois   +          Reflect  .    R - amulet of magic regeneration
rElec   +          Harm     .    H - +4 ring of protection
rCorr   .          Rampage  .    m - +6 ring of intelligence
Will    ++...      Clarity  +    E - ring of wizardry
Stlth   +++++                    f - ring of magical power
HPRegen 0.41/turn                p - ring of see invisible
MPRegen 0.74/turn                d - ring of poison resistance
                                 Y - ring "Zunemymo" {rC+ MP+9 AC+4 Int-2}
                                 Z - ring of Cynicism {Fly rF+ Int+4 Stlth+}

@: flying, slowed, very slow
A: almost no armour, amphibious, 8 rings, camouflage 1, gelatinous body 1,
(nimble swimmer 1), tentacles, clarity, clever 1, strong-willed 1, sense
surroundings 2, screaming 1
}: 1/15 runes: barnacled
a: Renounce Religion, Channel Magic, Forget Spell, Divine Exegesis


You were on level 4 of the Spider Nest.
You worshipped Sif Muna.
Sif Muna was extremely pleased with you.
You visited 5 branches of the dungeon, and saw 30 of its levels.
You visited 1 bazaar.
You also visited: Sewer, Gauntlet and Ice Cave.

You collected 3009 gold pieces.
You spent 1569 gold pieces at shops.


Innate Abilities, Weirdness & Mutations

You cannot wear most types of armour.
You are amphibious.
You can wear up to eight rings at the same time.
Your skin changes colour to match your surroundings (Stealth+).
Your rubbery body absorbs attacks. (AC +1, EV +1)
((You are camouflaged when in or above water. (Stealth+)))
You have tentacles for arms and can constrict up to eight enemies at once.
You possess an exceptional clarity of mind.
Your mind is acute. (Int +4, Str/Dex -1)
You are strong-willed. (Will+)
You passively map the area around you.
You occasionally shout uncontrollably at your foes.


   Skills:
 - Level 10.0 Fighting
 - Level 4.0 Staves
 - Level 10.0 Dodging
 - Level 4.0 Stealth
 + Level 7.5 Shields
 * Level 14.9 Spellcasting
 + Level 10.8 Conjurations
 - Level 5.0 Summonings
 - Level 8.0 Transmutations
 + Level 10.0 Fire Magic
 + Level 12.6 Ice Magic
 - Level 12.0 Air Magic
 - Level 9.0 Invocations
 - Level 6.0 Evocations


You had 10 spell levels left.
You knew the following spells:

 Your Spells              Type           Power      Damage    Failure   Level
a - Airstrike             Air            51%        2d(8-24)  1%          4
b - Conjure Ball Lightni  Conj/Air       50%        3x3d18    1%          6
d - Ozocubu's Armour      Ice            100%       N/A       1%          3
f - Fireball              Conj/Fire      49%        3d19      1%          5
i - Irradiate             Conj/Tmut      37%        3d24      1%          5
l - Summon Lightning Spi  Summ/Air       90%        N/A       1%          4
r - Ozocubu's Refrigerat  Ice            52%        4d19      4%          7
s - Swiftness             Air            100%       N/A       1%          3

Your spell library contained the following spells:

 Spells                   Type           Power      Damage    Failure   Level
 Freeze                   Ice            100%       1d10      0%          1
 Magic Dart               Conj           100%       1d8       0%          1
 Shock                    Conj/Air       100%       1d9       0%          1
 Apportation              Tloc           50%        N/A       1%          1
 Foxfire                  Conj/Fire      100%       2x1d9     1%          1
 Necrotise                Necr           100%       1d9       1%          1
 Sandblast                Erth           76%        2d16      1%          1
 Summon Small Mammal      Summ           100%       N/A       1%          1
 Blink                    Tloc           50%        N/A       1%          2
 Call Imp                 Summ           56%        N/A       1%          2
 Cigotuvi's Dreadful Rot  Necr/Pois/Air  100%       N/A       1%          2
 Ensorcelled Hibernation  Hex/Ice        100%       N/A       1%          2
 Passwall                 Tmut/Erth      56%        N/A       1%          2
 Poisonous Vapours        Pois/Air       100%       N/A       1%          2
 Searing Ray              Conj           100%       2d8       1%          2
 Static Discharge         Conj/Air       100%       2-7/arc   1%          2
 Sublimation of Blood     Necr           25%        N/A       1%          2
 Wereblood                Tmut           69%        N/A       1%          2
 Dazzling Flash           Conj/Hex       100%       N/A       1%          3
 Frozen Ramparts          Ice            100%       1d16      1%          3
 Hailstorm                Conj/Ice       100%       3d20      1%          3
 Ignite Poison            Fire/Tmut/Pois 79%        N/A       1%          3
 Inner Flame              Hex/Fire       73%        N/A       1%          3
 Kindle Blastsparks       Fire/Tloc/Air  100%       2d18      1%          3
 Mephitic Cloud           Conj/Pois/Air  86%        N/A       1%          3
 Spider Form              Tmut/Pois      51%        N/A       1%          3
 Stone Arrow              Conj/Erth      100%       3d13      1%          3
 Summon Guardian Golem    Hex/Summ       42%        N/A       1%          3
 Vhi's Electric Charge    Tloc/Air       100%       N/A       1%          3
 Flame Wave               Conj/Fire      98%        2d20      1%          4
 Fulminant Prism          Conj/Hex       29%        3d14      1%          4
 Ice Form                 Ice/Tmut       97%        N/A       1%          4
 Iskenderun's Mystic Bla  Conj/Tloc      58%        2d12      1%          4
 Sticky Flame             Conj/Fire      98%        2d11      1%          4
 Summon Ice Beast         Ice/Summ       91%        N/A       1%          4
 Blade Hands              Tmut           34%        N/A       1%          5
 Freezing Cloud           Conj/Ice/Air   63%        6-21      1%          5
 Iskenderun's Battlesphe  Conj           78%        2d13      1%          5
 Starburst                Conj/Fire      49%        6d13      1%          6
 Gell's Gravitas          Tloc           25%        N/A       2%          3
 Lesser Beckoning         Tloc           50%        N/A       2%          3
 Portal Projectile        Hex/Tloc       50%        N/A       2%          3
 Teleport Other           Tloc           25%        N/A       2%          3
 Alistair's Intoxication  Tmut/Pois      34%        N/A       4%          5
 Anguish                  Hex/Necr       12%        N/A       9%          4
 Leda's Liquefaction      Hex/Erth       19%        N/A       9%          4
 Manifold Assault         Tloc           25%        N/A       9%          4
 Summon Forest            Summ/Tloc      21%        N/A       9%          5
 Storm Form               Tmut/Air       48%        N/A       11%         7
 Borgnjor's Vile Clutch   Necr/Erth      19%        N/A       22%         5
 Lee's Rapid Deconstruct  Erth           19%        3d11*     22%         5
 Eringya's Noxious Bog    Tmut/Pois      25%        N/A       22%         6
 Statue Form              Tmut/Erth      45%        N/A       22%         6
 Dragon Form              Tmut           34%        N/A       24%         7
 Spellforged Servitor     Conj/Summ      34%        N/A       26%         7
 Maxwell's Capacitive Co  Air            51%        ∞         34%         8
 Summon Hydra             Summ           28%        N/A       61%         7
 Haunt                    Necr/Summ      21%        N/A       91%         7
 Malign Gateway           Summ/Tloc      21%        N/A       91%         7
 Summon Horrible Things   Summ           28%        N/A       99%         8
 Chain Lightning          Conj/Air       50%        3d67      99%         9
 Animate Armour           Summ/Erth      Unusable   N/A       N/A         4

Inventory:

Hand Weapons
 a - the +3 Elemental Staff (weapon) {rElec rF++ rC++ AC+5}
   (You acquired it on level 4 of the Lair of Beasts)

   If the wielder is skilled in Evocations, they can discharge powerful blasts
   of elemental energy when striking with it.
   It enhances your fire, ice, earth and air magic.
   AC:        It affects your AC (+5).
   rF:        It greatly protects you from fire.
   rC:        It greatly protects you from cold.
   rElec:     It insulates you from electricity.
 G - the +9 long sword of Corruption {protect, Fly rF+}
   (You found it on level 4 of the Spider Nest)

   It grants its wielder temporary protection when it strikes (+7 to AC).
   rF:        It protects you from fire.
   Fly:       It grants you flight.
Missiles
 S - 5 throwing nets
 T - 5 curare-tipped darts
Armour
 h - a +2 hat of stealth (worn)
   (You acquired it on level 4 of the Dungeon)
 i - a +0 buckler (worn)
   (You took it off a tengu conjurer on level 15 of the Dungeon)
Jewellery
 d - a ring of poison resistance (on tentacle)
   (You bought it in a shop on level 9 of the Dungeon)
 f - a ring of magical power (on tentacle)
   (You found it on level 1 of the Lair of Beasts)
 j - a ring of positive energy
   (You found it on level 13 of the Dungeon)
 m - a +6 ring of intelligence (right tentacle)
   (You found it on level 2 of the Dungeon)
 p - a ring of see invisible (on tentacle)
   (You found it on level 2 of the Dungeon)
 s - a ring of positive energy
   (You found it on level 9 of the Dungeon)
 x - a ring of willpower
   (You found it on level 5 of the Dungeon)
 E - a ring of wizardry (on tentacle)
   (You found it on level 9 of the Dungeon)
 H - a +4 ring of protection (left tentacle)
   (You found it on level 1 of the Shoals)
 R - an amulet of magic regeneration (around mantle)
   (You found it on level 7 of the Dungeon)
 Y - the ring "Zunemymo" (on tentacle) {rC+ MP+9 AC+4 Int-2}
   (You acquired it on level 9 of the Dungeon)

   [ring of protection]

   AC:        It affects your AC (+4).
   Int:       It affects your intelligence (-2).
   rC:        It protects you from cold.
   MP:        It affects your magic capacity (+9).
 Z - the ring of Cynicism (on tentacle) {Fly rF+ Int+4 Stlth+}
   (You bought it in a shop on level 9 of the Dungeon)

   [ring of protection from fire]

   Int:       It affects your intelligence (+4).
   rF:        It protects you from fire.
   Fly:       It grants you flight.
   Stlth:     It makes you more stealthy.
Wands
 b - a wand of roots (12)
   (You found it on level 9 of the Dungeon)
 q - a wand of charming (22)
   (You took it off Pikel on level 5 of the Dungeon)
 z - a wand of digging (10)
   (You found it on level 4 of the Lair of Beasts)
 F - a wand of mindburst (24)
   (You took it off Ijyb on level 5 of the Dungeon)
 J - a wand of light (16)
   (You found it on level 6 of the Dungeon)
Scrolls
 c - a scroll of magic mapping
 k - 4 scrolls of fog
 l - 6 scrolls of blinking
 y - 7 scrolls of summoning
 A - 9 scrolls of teleportation
 B - 6 scrolls of identify
 C - 3 scrolls of vulnerability
 D - a scroll of amnesia
 L - 8 scrolls of fear
 P - a scroll of silence
Potions
 e - 5 potions of magic
 n - 3 potions of mutation
 o - 4 potions of flight
 r - 2 potions of cancellation
 t - 7 potions of brilliance
 w - 9 potions of haste
 I - 12 potions of curing
 N - 6 potions of heal wounds
 O - 3 potions of invisibility
Miscellaneous
 g - a condenser vane (inert)
   (You found it on level 2 of the Lair of Beasts)
 u - a tin of tremorstones (1/2)
   (You found it on level 1 of the Spider Nest)
 v - a lightning rod (4/4)
   (You found it on level 11 of the Dungeon)
 V - a box of beasts (inert)
   (You found it on level 3 of the Lair of Beasts)

Dungeon Overview and Level Annotations

Branches:
Dungeon (15/15)            Temple (0/1) D:7            Lair (5/5) D:8
 Shoals (4/4) Lair:2       Spider (4/4) Lair:3        Slime (0/5) Lair:4
    Orc (2/2) D:11            Elf (0/3) Orc:2        Vaults (0/5) D:14
 Depths (0/4) D:15          Sewer (visited)           IceCv (visited)
Gauntlet (visited)

Altars:
Hepliaklqana
Kikubaaqudgha
Makhleb
Okawaru
Qazlal
Sif Muna
Uskayaw
Vehumet
Xom

Shops:
D:5 :   D:8 *   D:9 =   D:11 ?   D:13 ?   Orc:2 !![:   Shoals:1 **

Annotations:
D:13 Rupert
D:15 2 transporters, demibob's ghost, adept DsBe
Spider:1 Roxanne
Spider:3 2 transporters GHOST MOTH in VAULT, Arachne; Becogod's ghost, adept GrEE; xzight's ghost, adept DEFE

#........# ,, *
** *
#..§y...#**##
#^.......#*.##
#...w...##...#
*
#......s##...**
* #....#.....#,
#.^..#.....# ,
, #^####.y^..#
, ## , #@### *
* ,, #.# * , *
, * ,, ##s , *
.., , , , ,
,,..s , ,** , *
^ ^s^#* *, * ,
^ #.## ** *
,*.# * , ###


You could see a ghost moth (invisible), a spark wasp, a torpor snail, a wolf
spider, a culicivora, a jumping spider and a redback (wandering).


Message History

You feel a surge of power!
The heat is drained from your surroundings.
The radroach is heavily wounded.
You kill the redback!
Sif Muna accepts your kill.
Casting: Ozocubu's Refrigeration (dangerous; 4% risk of failure)
Confirm with . or Enter, or press ? or * to list all spells.
You feel a surge of power!
The heat is drained from your surroundings.
The radroach is severely wounded.
Casting: Ozocubu's Refrigeration (dangerous; 4% risk of failure)
Confirm with . or Enter, or press ? or * to list all spells.
You feel a surge of power!
The heat is drained from your surroundings.
You kill the radroach!
Sif Muna accepts your kill.
You start resting.
Magic restored.
A sun moth, a tarantella and a culicivora come into view.
Casting: Ozocubu's Refrigeration (dangerous; 4% risk of failure)
Confirm with . or Enter, or press ? or * to list all spells.
You feel a surge of power!
The heat is drained from your surroundings.
The sun moth is heavily wounded.
The tarantella's many legs skitter faintly.
The tarantella is almost dead.
The culicivora's many legs skitter faintly.
The culicivora is severely wounded.
Casting: Ozocubu's Refrigeration (dangerous; 4% risk of failure)
Confirm with . or Enter, or press ? or * to list all spells.
You feel a surge of power!
The heat is drained from your surroundings.
The sun moth is almost dead.
You kill the tarantella!
Sif Muna accepts your kill.
You kill the culicivora!
Sif Muna accepts your kill.
You start resting.
A sun moth is nearby!
Casting: Ozocubu's Refrigeration (dangerous; 4% risk of failure)
Confirm with . or Enter, or press ? or * to list all spells.
You feel a surge of power!
The heat is drained from your surroundings.
You kill the sun moth!
Sif Muna accepts your kill.
You start resting.
Magic restored.
You now have 1407 gold pieces (gained 15).
A wolf spider comes into view.
You yell at the wolf spider!
The wolf spider's many legs skitter.
You hear a shout!
You hear a faint skittering sound.
Casting: Ozocubu's Refrigeration (dangerous; 4% risk of failure)
Confirm with . or Enter, or press ? or * to list all spells.
You feel a surge of power!
The heat is drained from your surroundings.
The wolf spider is almost dead.
Casting: Ozocubu's Refrigeration (dangerous; 4% risk of failure)
Confirm with . or Enter, or press ? or * to list all spells.
You feel a surge of power!
The heat is drained from your surroundings.
You kill the wolf spider!
Sif Muna accepts your kill.
You start resting.
Magic restored.
Found a leather armour.
An entropy weaver comes into view.
Casting: Ozocubu's Refrigeration (dangerous; 4% risk of failure)
Press: ? - help, Q - select action, (/) - cycle Dir - look around, f - activate You feel a surge of power!
The heat is drained from your surroundings.
The entropy weaver shouts!
The entropy weaver is heavily wounded.
A jumping spider comes into view.
A wolf spider comes into view.
You yell at the wolf spider!
The jumping spider's many legs skitter faintly.
The wolf spider's many legs skitter.
You hear a faint skittering sound.
Casting: Ozocubu's Refrigeration (dangerous; 4% risk of failure)
Press: ? - help, Q - select action, (/) - cycle Dir - look around, f - activate You feel a surge of power!
The heat is drained from your surroundings.
The entropy weaver is severely wounded.
The jumping spider is heavily wounded.
The wolf spider is moderately wounded.
A redback comes into view.
You yell at the redback!
A redback comes into view.
A radroach comes into view.
Casting: Ozocubu's Refrigeration (dangerous; 4% risk of failure)
Confirm with . or Enter, or press ? or * to list all spells.
Aiming: Fireball (mildly dangerous; 1% risk of failure)
Press: ? - help, Shift-Dir - straight line, f - jumping spider
Aim: a jumping spider (heavily wounded)
You feel a surge of power!
The fireball explodes!
The fireball engulfs the jumping spider!!
You kill the jumping spider!
Sif Muna accepts your kill.
The fireball engulfs the entropy weaver!!
You kill the entropy weaver!
Sif Muna accepts your kill.
The fireball engulfs the wolf spider!!!
You kill the wolf spider!
Sif Muna accepts your kill.
A culicivora comes into view.
A redback comes into view.
Casting: Fireball (mildly dangerous; 1% risk of failure)
Confirm with . or Enter, or press ? or * to list all spells.
Aiming: Fireball (mildly dangerous; 1% risk of failure)
Press: ? - help, Shift-Dir - straight line, f - redback
Aim: a redback You feel a surge of power!
The fireball explodes!
The fireball engulfs the redback!!
You kill the redback!
Sif Muna accepts your kill.
The fireball engulfs the redback!!
The redback is severely wounded.
The fireball engulfs the radroach!
The radroach is lightly wounded.
Casting: Fireball (mildly dangerous; 1% risk of failure)
Confirm with . or Enter, or press ? or * to list all spells.
You feel a surge of power!
The heat is drained from your surroundings.
The culicivora is moderately wounded.
You kill the redback!
Sif Muna accepts your kill.
The redback is severely wounded.
The radroach is moderately wounded.
Casting: Ozocubu's Refrigeration (dangerous; 4% risk of failure)
Confirm with . or Enter, or press ? or * to list all spells.
You feel a surge of power!
The heat is drained from your surroundings.
You kill the culicivora!
Sif Muna accepts your kill.
You kill the redback!
Sif Muna accepts your kill.
The radroach is heavily wounded.
Casting: Ozocubu's Refrigeration (dangerous; 4% risk of failure)
Confirm with . or Enter, or press ? or * to list all spells.
You feel a surge of power!
The heat is drained from your surroundings.
The radroach is almost dead.
Casting: Ozocubu's Refrigeration (dangerous; 4% risk of failure)
Confirm with . or Enter, or press ? or * to list all spells.
Aiming: Fireball (mildly dangerous; 1% risk of failure)
Press: ? - help, Shift-Dir - straight line, f - radroach
Aim: a radroach (almost dead)
You feel a surge of power!
The fireball explodes!
The fireball engulfs the radroach.
The radroach is almost dead.
You hear a faint skittering sound.
Casting: Fireball (mildly dangerous; 1% risk of failure)
Confirm with . or Enter, or press ? or * to list all spells.
You erupt in a fountain of uncontrolled magic!
The radroach is blasted with magical radiation!!
You kill the radroach!
Sif Muna accepts your kill.
You are very lightly contaminated with residual magic.
There is a stone staircase leading up here.
You fly upwards.
Level annotation: 2 transporters GHOST MOTH in VAULT, Arachne; Becogod's ghost, adept GrEE; xzight's ghost, adept DEFE Your magical contamination has completely faded away.
There is a stone staircase leading down here.
You start resting.
Magic restored.
You fly downwards.
There is a stone staircase leading up here.
A redback comes into view.
Casting: Ozocubu's Refrigeration (dangerous; 4% risk of failure)
Press: ? - help, Q - select action, (/) - cycle Dir - look around, f - activate You feel a surge of power!
The heat is drained from your surroundings.
You kill the redback!
Sif Muna accepts your kill.
Magic restored.
A radroach comes into view.
You see here a +0 leather armour.
Casting: Ozocubu's Refrigeration (dangerous; 4% risk of failure)
Press: ? - help, Q - select action, (/) - cycle Dir - look around, f - activate You feel a surge of power!
The heat is drained from your surroundings.
The radroach is moderately wounded.
You hear a faint skittering sound.
A culicivora comes into view.
Casting: Ozocubu's Refrigeration (dangerous; 4% risk of failure)
Press: ? - help, Q - select action, (/) - cycle Dir - look around, f - activate You feel a surge of power!
The heat is drained from your surroundings.
The radroach is heavily wounded.
The culicivora is almost dead.
Casting: Ozocubu's Refrigeration (dangerous; 4% risk of failure)
Press: ? - help, Q - select action, (/) - cycle Dir - look around, f - activate You feel a surge of power!
The heat is drained from your surroundings.
The radroach is severely wounded.
You kill the culicivora!
Sif Muna accepts your kill.
Casting: Ozocubu's Refrigeration (dangerous; 4% risk of failure)
Press: ? - help, Q - select action, (/) - cycle Dir - look around, f - activate You feel a surge of power!
The heat is drained from your surroundings.
The radroach is almost dead.
Casting: Ozocubu's Refrigeration (dangerous; 4% risk of failure)
Press: ? - help, Q - select action, (/) - cycle Dir - look around, f - activate You feel a surge of power!
The heat is drained from your surroundings.
You kill the radroach!
Sif Muna accepts your kill.
A jumping spider comes into view.
Casting: Ozocubu's Refrigeration (dangerous; 4% risk of failure)
Press: ? - help, Q - select action, (/) - cycle Dir - look around, f - activate You feel a surge of power!
The heat is drained from your surroundings.
You kill the jumping spider!
Sif Muna accepts your kill.
You see here Sif Muna's Almanac of Conjuration {god gift}.
Sif Muna grants you a gift!
You pick up Sif Muna's Almanac of Conjuration {god gift} and begin reading...
You add the spells Iskenderun's Battlesphere and Spellforged Servitor to your library.
Things that are here:
a redback corpse; an entropy weaver corpse You see here a jumping spider corpse.
c - a scroll of magic mapping You see here a jumping spider corpse.
You are caught in the web!
There is a web here.
You disentangle yourself.
A wolf spider comes into view.
Casting: Ozocubu's Refrigeration (dangerous; 4% risk of failure)
Press: ? - help, Q - select action, (/) - cycle Dir - look around, f - activate You feel a surge of power!
The heat is drained from your surroundings.
The wolf spider's many legs skitter.
The wolf spider is almost dead.
You hear a shout!
Casting: Ozocubu's Refrigeration (dangerous; 4% risk of failure)
Press: ? - help, Q - select action, (/) - cycle Dir - look around, f - activate You feel a surge of power!
The heat is drained from your surroundings.
You kill the wolf spider!
Sif Muna accepts your kill.
A jorogumo comes into view.
Casting: Ozocubu's Refrigeration (dangerous; 4% risk of failure)
Press: ? - help, Q - select action, (/) - cycle Dir - look around, f - activate You feel a surge of power!
The heat is drained from your surroundings.
The jorogumo is severely wounded.
Press: ? - help, v - describe, . - travel
Here: a jorogumo (severely wounded)
The floor.
Casting: Ozocubu's Refrigeration (dangerous; 4% risk of failure)
Press: ? - help, Q - select action, (/) - cycle Dir - look around, f - activate You feel a surge of power!
The heat is drained from your surroundings.
You kill the jorogumo!
Sif Muna accepts your kill.
Training target 4.0 for Staves reached!
Your Staves skill increases to level 4! 2 jumping spiders come into view.
Found a potion of invisibility.
Casting: Ozocubu's Refrigeration (dangerous; 4% risk of failure)
Press: ? - help, Q - select action, (/) - cycle Dir - look around, f - activate You feel a surge of power!
The heat is drained from your surroundings.
You kill the jumping spider!
Sif Muna accepts your kill.
You kill the jumping spider!
Sif Muna accepts your kill.
You hear a chilling moan.
A culicivora comes into view.
The culicivora's many legs skitter faintly.
Casting: Ozocubu's Refrigeration (dangerous; 4% risk of failure)
Press: ? - help, Q - select action, (/) - cycle Dir - look around, f - activate You feel a surge of power!
The heat is drained from your surroundings.
The culicivora is almost dead.
A pharaoh ant comes into view.
A redback comes into view.
Casting: Ozocubu's Refrigeration (dangerous; 4% risk of failure)
Press: ? - help, Q - select action, (/) - cycle Dir - look around, f - activate You feel a surge of power!
The heat is drained from your surroundings.
The pharaoh ant gives a chilling moan.
The pharaoh ant is almost destroyed.
You kill the culicivora!
Sif Muna accepts your kill.
The redback is severely wounded.
A redback comes into view. x2
You yell at the redback!
The redback moves out of view.
Casting: Ozocubu's Refrigeration (dangerous; 4% risk of failure)
Press: ? - help, Q - select action, (/) - cycle Dir - look around, f - activate You feel a surge of power!
The heat is drained from your surroundings.
You destroy the pharaoh ant!
Sif Muna accepts your kill.
The pharaoh ant binds the souls of nearby monsters.
The redback is severely wounded.
You kill the redback!
Sif Muna accepts your kill.
Casting: Ozocubu's Refrigeration (dangerous; 4% risk of failure)
Press: ? - help, Q - select action, (/) - cycle Dir - look around, f - activate You feel a surge of power!
The heat is drained from your surroundings.
You kill the redback!
Sif Muna accepts your kill.
The redback is severely wounded.
A freezing mist starts to gather...
A redback simulacrum comes into view.
You yell at the redback simulacrum!
A redback simulacrum comes into view.
The redback simulacrum moves out of view.
Casting: Ozocubu's Refrigeration (dangerous; 4% risk of failure)
Press: ? - help, Q - select action, (/) - cycle Dir - look around, f - activate You feel a surge of power!
The heat is drained from your surroundings.
You kill the redback!
Sif Muna accepts your kill.
A steelbarb worm comes into view.
You yell at the steelbarb worm!
Casting: Ozocubu's Refrigeration (dangerous; 4% risk of failure)
Confirm with . or Enter, or press ? or * to list all spells.
Aiming: Fireball (mildly dangerous; 1% risk of failure)
Press: ? - help, Shift-Dir - straight line, f - redback simulacrum
Aim: a redback simulacrum You feel a surge of power!
The fireball explodes!
The fireball engulfs the redback simulacrum!!
The redback simulacrum melts!
The redback simulacrum is severely damaged.
A redback simulacrum comes into view.
Casting: Fireball (mildly dangerous; 1% risk of failure)
Confirm with . or Enter, or press ? or * to list all spells.
Aiming: Fireball (mildly dangerous; 1% risk of failure)
Press: ? - help, Shift-Dir - straight line, f/p - redback simulacrum
Aim: a redback simulacrum (severely damaged)
You feel a surge of power!
The fireball explodes!
The fireball engulfs the redback simulacrum!!
The redback simulacrum melts!
The redback simulacrum vaporises!
You hear a sizzling sound!
The redback simulacrum attacks as you move away!
The redback simulacrum closely misses you.
The redback simulacrum attacks as you move away!
The redback simulacrum bites you but does no damage.
The redback simulacrum closely misses you.
Casting: Fireball (mildly dangerous; 1% risk of failure)
Confirm with . or Enter, or press ? or * to list all spells.
Aiming: Fireball (mildly dangerous; 1% risk of failure)
Press: ? - help, Shift-Dir - straight line
Okay, then.
The redback simulacrum attacks as you move away!
The redback simulacrum barely misses you.
Casting: Fireball (mildly dangerous; 1% risk of failure)
Confirm with . or Enter, or press ? or * to list all spells.
Aiming: Fireball (mildly dangerous; 1% risk of failure)
Press: ? - help, Shift-Dir - straight line You feel a surge of power!
The fireball explodes!
The fireball engulfs the redback simulacrum!!!
The redback simulacrum melts!
The redback simulacrum vaporises!
You hear a sizzling sound!
The fireball engulfs the steelbarb worm!
The steelbarb worm resists.
The steelbarb worm is lightly wounded.
Casting: Fireball (mildly dangerous; 1% risk of failure)
Confirm with . or Enter, or press ? or * to list all spells.
You erupt in a fountain of uncontrolled magic!
The steelbarb worm is blasted with magical radiation!!!
The steelbarb worm is severely wounded.
The steelbarb worm twists and deforms.
You are very lightly contaminated with residual magic.
The steelbarb worm barely misses you.
Casting: Irradiate (mildly dangerous; 1% risk of failure)
Confirm with . or Enter, or press ? or * to list all spells.
You erupt in a fountain of uncontrolled magic!
The steelbarb worm is blasted with magical radiation!!!
You kill the steelbarb worm!
Sif Muna accepts your kill.
You are lightly contaminated with residual magic.
You start resting.
Your magical contamination has completely faded away.
You start resting.
Magic restored.
You see here a culicivora corpse.
O - 3 potions of invisibility (gained 1)
A tarantella comes into view.
Casting: Irradiate (mildly dangerous; 1% risk of failure)
Confirm with . or Enter, or press ? or * to list all spells.
You feel a surge of power!
The heat is drained from your surroundings.
You kill the tarantella!
Sif Muna accepts your kill.
You hear a faint skittering sound.
You hear a shout!
A tarantella comes into view.
Casting: Ozocubu's Refrigeration (dangerous; 4% risk of failure)
Press: ? - help, Q - select action, (/) - cycle Dir - look around, f - activate You feel a surge of power!
The heat is drained from your surroundings.
You kill the tarantella!
Sif Muna accepts your kill.
An entropy weaver comes into view.
Casting: Ozocubu's Refrigeration (dangerous; 4% risk of failure)
Press: ? - help, Q - select action, (/) - cycle Dir - look around, f - activate You feel a surge of power!
The heat is drained from your surroundings.
The entropy weaver is heavily wounded.
Casting: Ozocubu's Refrigeration (dangerous; 4% risk of failure)
Press: ? - help, Q - select action, (/) - cycle Dir - look around, f - activate You feel a surge of power!
You miscast Ozocubu's Refrigeration.
You are very lightly contaminated with residual magic.
Nothing appears to happen.
The entropy weaver casts a spell at you.
The entropic weave corrodes you!
Casting: Ozocubu's Refrigeration (dangerous; 4% risk of failure)
Press: ? - help, Q - select action, (/) - cycle Dir - look around, f - activate You feel a surge of power!
You miscast Ozocubu's Refrigeration.
A chill runs through your body. You resist.
A redback comes into view.
Casting: Ozocubu's Refrigeration (dangerous; 4% risk of failure)
Press: ? - help, Q - select action, (/) - cycle Dir - look around, f - activate You feel a surge of power!
The heat is drained from your surroundings.
You kill the entropy weaver!
Sif Muna accepts your kill.
The redback is severely wounded.
Casting: Ozocubu's Refrigeration (dangerous; 4% risk of failure)
Press: ? - help, Q - select action, (/) - cycle Dir - look around, f - activate You feel a surge of power!
The heat is drained from your surroundings.
You kill the redback!
Sif Muna accepts your kill.
You start resting.
HP restored.
Unknown command.
You start resting.
You are no longer corroded.
You start resting.
Your magical contamination has completely faded away.
Magic restored.
D - a scroll of amnesia
B - 6 scrolls of identify (gained 1)
An emperor scorpion comes into view.
Press: ? - help, v - describe, . - travel
Here: an emperor scorpion (wandering, hasn't noticed you)
The floor.
Casting: Ozocubu's Refrigeration (dangerous; 4% risk of failure)
Press: ? - help, Q - select action, (/) - cycle Dir - look around, f - activate You feel a surge of power!
The heat is drained from your surroundings.
The emperor scorpion is moderately wounded.
Casting: Ozocubu's Refrigeration (dangerous; 4% risk of failure)
Press: ? - help, Q - select action, (/) - cycle Dir - look around, f - activate You feel a surge of power!
The heat is drained from your surroundings.
The emperor scorpion is heavily wounded.
Casting: Ozocubu's Refrigeration (dangerous; 4% risk of failure)
Press: ? - help, Q - select action, (/) - cycle Dir - look around, f - activate You feel a surge of power!
The heat is drained from your surroundings.
The emperor scorpion is severely wounded.
Casting: Ozocubu's Refrigeration (dangerous; 4% risk of failure)
Press: ? - help, Q - select action, (/) - cycle Dir - look around, f - activate You feel a surge of power!
The heat is drained from your surroundings.
The emperor scorpion is almost dead.
Casting: Ozocubu's Refrigeration (dangerous; 4% risk of failure)
Press: ? - help, Q - select action, (/) - cycle Dir - look around, f - activate You feel a surge of power!
The heat is drained from your surroundings.
You kill the emperor scorpion!
Sif Muna accepts your kill.
You start resting.
Magic restored.
Found a potion of attraction.
You see here a potion of attraction.
Found 6 stones.
You see here 6 stones.
You now have 1423 gold pieces (gained 16).
You see here a scarf of shadows.
A culicivora zombie, a redback and a spectral tarantella come into view.
Casting: Ozocubu's Refrigeration (dangerous; 4% risk of failure)
Press: ? - help, Q - select action, (/) - cycle Dir - look around, f - activate You feel a surge of power!
The heat is drained from your surroundings.
The culicivora zombie resists.
The culicivora zombie is lightly damaged.
You kill the redback!
Sif Muna accepts your kill.
The spectral tarantella resists.
The spectral tarantella is moderately damaged.
Casting: Ozocubu's Refrigeration (dangerous; 4% risk of failure)
Press: ? - help, Q - select action, (/) - cycle Dir - look around, f - activate You feel a surge of power!
The heat is drained from your surroundings.
The culicivora zombie resists.
The culicivora zombie is lightly damaged.
The spectral tarantella resists.
The spectral tarantella is heavily damaged.
Casting: Ozocubu's Refrigeration (dangerous; 4% risk of failure)
Confirm with . or Enter, or press ? or * to list all spells.
Aiming: Fireball (mildly dangerous; 1% risk of failure)
Press: ? - help, Shift-Dir - straight line, f - spectral tarantella
Aim: a spectral tarantella (heavily damaged)
You feel a surge of power!
The fireball explodes!
The fireball engulfs the spectral tarantella!!
You destroy the spectral tarantella!
Sif Muna accepts your kill.
The fireball engulfs the culicivora zombie!
The culicivora zombie is moderately damaged.
You hear a faint skittering sound.
You start resting.
A pharaoh ant comes into view.
Press: ? - help, v - describe, . - travel
Here: a pharaoh ant (wandering, hasn't noticed you) Some shallow water.
Casting: Ozocubu's Refrigeration (dangerous; 4% risk of failure)
Press: ? - help, Q - select action, (/) - cycle Dir - look around, f - activate You feel a surge of power!
The heat is drained from your surroundings.
The pharaoh ant is almost destroyed.
You start resting.
A pharaoh ant is nearby!
Casting: Ozocubu's Refrigeration (dangerous; 4% risk of failure)
Press: ? - help, Q - select action, (/) - cycle Dir - look around, f - activate You feel a surge of power!
The heat is drained from your surroundings.
You destroy the pharaoh ant!
Sif Muna accepts your kill.
You start resting.
Magic restored.
A culicivora comes into view.
Casting: Ozocubu's Refrigeration (dangerous; 4% risk of failure)
Press: ? - help, Q - select action, (/) - cycle Dir - look around, f - activate You feel a surge of power!
The heat is drained from your surroundings.
The culicivora is almost dead.
Casting: Ozocubu's Refrigeration (dangerous; 4% risk of failure)
Press: ? - help, Q - select action, (/) - cycle Dir - look around, f - activate You feel a surge of power!
The heat is drained from your surroundings.
You kill the culicivora!
Sif Muna accepts your kill.
A culicivora zombie is nearby!
Casting: Ozocubu's Refrigeration (dangerous; 4% risk of failure)
Confirm with . or Enter, or press ? or * to list all spells.
Aiming: Airstrike (safe; 1% risk of failure)
Press: ? - help, Dir - move target, f - culicivora zombie
Aim: a culicivora zombie (heavily damaged, empty space bonus: 3/8)
You feel a surge of power!
The air twists around and strikes the culicivora zombie!!
The culicivora zombie is almost destroyed.
Casting: Airstrike (safe; 1% risk of failure)
Confirm with . or Enter, or press ? or * to list all spells.
Aiming: Airstrike (safe; 1% risk of failure)
Press: ? - help, Dir - move target, f/p - culicivora zombie
Aim: a culicivora zombie (almost destroyed, empty space bonus: 5/8)
You feel a surge of power!
The air twists around and strikes the culicivora zombie!
You destroy the culicivora zombie!
Sif Muna accepts your kill.
A redback comes into view. x2
The redback moves out of view.
Casting: Ozocubu's Refrigeration (dangerous; 4% risk of failure)
Press: ? - help, Q - select action, (/) - cycle Dir - look around, f - activate You feel a surge of power!
The heat is drained from your surroundings.
You kill the redback!
Sif Muna accepts your kill.
A redback is nearby!
Casting: Ozocubu's Refrigeration (dangerous; 4% risk of failure)
Press: ? - help, Q - select action, (/) - cycle Dir - look around, f - activate You feel a surge of power!
The heat is drained from your surroundings.
The redback is almost dead.
Casting: Ozocubu's Refrigeration (dangerous; 4% risk of failure)
Press: ? - help, Q - select action, (/) - cycle Dir - look around, f - activate You feel a surge of power!
The heat is drained from your surroundings.
You kill the redback!
Sif Muna accepts your kill.
A culicivora comes into view.
Casting: Ozocubu's Refrigeration (dangerous; 4% risk of failure)
Press: ? - help, Q - select action, (/) - cycle Dir - look around, f - activate You feel a surge of power!
The heat is drained from your surroundings.
You kill the culicivora!
Sif Muna accepts your kill.
A steelbarb worm comes into view.
Casting: Ozocubu's Refrigeration (dangerous; 4% risk of failure)
Press: ? - help, Q - select action, (/) - cycle Dir - look around, f - activate You feel a surge of power!
The heat is drained from your surroundings.
The steelbarb worm is moderately wounded.
Casting: Ozocubu's Refrigeration (dangerous; 4% risk of failure)
Press: ? - help, Q - select action, (/) - cycle Dir - look around, f - activate You feel a surge of power!
The heat is drained from your surroundings.
The steelbarb worm is severely wounded.
Casting: Ozocubu's Refrigeration (dangerous; 4% risk of failure)
Press: ? - help, Q - select action, (/) - cycle Dir - look around, f - activate You feel a surge of power!
The heat is drained from your surroundings.
You kill the steelbarb worm!
Sif Muna accepts your kill.
You start resting.
Magic restored.
A jumping spider comes into view.
Casting: Ozocubu's Refrigeration (dangerous; 4% risk of failure)
Press: ? - help, Q - select action, (/) - cycle Dir - look around, f - activate You feel a surge of power!
The heat is drained from your surroundings.
You kill the jumping spider!
Sif Muna accepts your kill.
L - 8 scrolls of fear (gained 1)
You see here the +9 long sword of Corruption {protect, Fly rF+}.
G - the +9 long sword of Corruption {protect, Fly rF+} You yell at the steelbarb worm!
A steelbarb worm comes into view.
Casting: Ozocubu's Refrigeration (dangerous; 3% risk of failure)
Press: ? - help, Q - select action, (/) - cycle Dir - look around, f - activate You feel a surge of power!
The heat is drained from your surroundings.
The steelbarb worm is moderately wounded.
A moth of wrath comes into view.
Casting: Ozocubu's Refrigeration (dangerous; 3% risk of failure)
Press: ? - help, Q - select action, (/) - cycle Dir - look around, f - activate You feel a surge of power!
The heat is drained from your surroundings.
The steelbarb worm is moderately wounded.
The moth of wrath is heavily wounded.
Casting: Ozocubu's Refrigeration (dangerous; 3% risk of failure)
Press: ? - help, Q - select action, (/) - cycle Dir - look around, f - activate You feel a surge of power!
The heat is drained from your surroundings.
The steelbarb worm is almost dead.
You kill the moth of wrath!
Sif Muna accepts your kill.
Casting: Ozocubu's Refrigeration (dangerous; 3% risk of failure)
Press: ? - help, Q - select action, (/) - cycle Dir - look around, f - activate You feel a surge of power!
The heat is drained from your surroundings.
You kill the steelbarb worm!
Sif Muna accepts your kill.
You start resting.
Magic restored.
A jorogumo comes into view.
You yell at the jorogumo!
The jorogumo shouts!
You hear a faint skittering sound. x2
The jorogumo moves out of view.
A tarantella zombie comes into view.
Casting: Ozocubu's Refrigeration (dangerous; 3% risk of failure)
Press: ? - help, Q - select action, (/) - cycle Dir - look around, f - activate You feel a surge of power!
You miscast Ozocubu's Refrigeration.
You are very lightly contaminated with residual magic.
Nothing appears to happen.
A jumping spider comes into view.
Casting: Ozocubu's Refrigeration (dangerous; 3% risk of failure)
Press: ? - help, Q - select action, (/) - cycle Dir - look around, f - activate You feel a surge of power!
The heat is drained from your surroundings.
The tarantella zombie resists.
The tarantella zombie is lightly damaged.
The jorogumo is heavily wounded.
The jumping spider is severely wounded.
The jumping spider leaps!
Casting: Ozocubu's Refrigeration (dangerous; 3% risk of failure)
Press: ? - help, Q - select action, (/) - cycle Dir - look around, f - activate You feel a surge of power!
The heat is drained from your surroundings.
The tarantella zombie resists.
The tarantella zombie is lightly damaged.
The jorogumo is almost dead.
You kill the jumping spider!
Sif Muna accepts your kill.
The jorogumo stares at you and mumbles some strange words.
The stream of webbing hits you but does no damage.
You are caught in a web!
You hear a faint skittering sound.
Casting: Ozocubu's Refrigeration (dangerous; 3% risk of failure)
Press: ? - help, Q - select action, (/) - cycle Dir - look around, f - activate You feel a surge of power!
The heat is drained from your surroundings.
The tarantella zombie resists.
The tarantella zombie is lightly damaged.
You kill the jorogumo!
Sif Muna accepts your kill.
A tarantella comes into view.
Press: ? - help, v - describe, . - travel
Here: a tarantella zombie (lightly damaged)
The floor.
Casting: Ozocubu's Refrigeration (dangerous; 3% risk of failure)
Press: ? - help, Q - select action, (/) - cycle Dir - look around, f - activate You feel a surge of power!
The heat is drained from your surroundings.
The tarantella zombie resists.
The tarantella zombie is moderately damaged.
You kill the tarantella!
Sif Muna accepts your kill.
The tarantella zombie barely misses you.
The web tears apart.
The tarantella zombie barely misses you.
An emperor scorpion comes into view.
The tarantella zombie misses you.
The tarantella zombie attacks as you move away!
The tarantella zombie hits you but does no damage.
The tarantella zombie attacks as you move away!
The tarantella zombie hits you but does no damage.
Your magical contamination has completely faded away.
Clouds of flame condense around you!
The condenser dries out!
The emperor scorpion is engulfed in blazing flames.
The tarantella zombie is engulfed in blazing flames.
The tarantella zombie barely misses you.
The emperor scorpion is engulfed in blazing flames.
Casting: Ozocubu's Refrigeration (dangerous; 3% risk of failure)
Press: ? - help, Q - select action, (/) - cycle Dir - look around, f - activate You feel a surge of power!
The heat is drained from your surroundings.
The tarantella zombie resists.
The tarantella zombie is heavily damaged.
The emperor scorpion is moderately wounded.
The tarantella zombie is engulfed in blazing flames.
The tarantella zombie hits you.
Unknown command.
Casting: Ozocubu's Refrigeration (dangerous; 3% risk of failure)
Confirm with . or Enter, or press ? or * to list all spells.
You erupt in a fountain of uncontrolled magic!
The emperor scorpion is blasted with magical radiation!!!
The emperor scorpion is severely wounded.
The emperor scorpion twists and deforms.
The tarantella zombie is blasted with magical radiation!!!
You destroy the tarantella zombie!
Sif Muna accepts your kill.
You are very lightly contaminated with residual magic.
The emperor scorpion is engulfed in blazing flames.
The emperor scorpion closely misses you. x2
The emperor scorpion claws you.
Casting: Irradiate (mildly dangerous; 1% risk of failure)
Confirm with . or Enter, or press ? or * to list all spells.
You erupt in a fountain of uncontrolled magic!
The emperor scorpion is blasted with magical radiation!!!
You kill the emperor scorpion!
Sif Muna accepts your kill.
Your Fire Magic skill increases to level 10!
You start resting.
HP restored.
You start resting.
A redback zombie comes into view.
Casting: Irradiate (mildly dangerous; 1% risk of failure)
Confirm with . or Enter, or press ? or * to list all spells.
Aiming: Airstrike (safe; 1% risk of failure)
Press: ? - help, Dir - move target, f - redback zombie
Aim: a redback zombie (wandering, hasn't noticed you, empty space bonus: 7/8)
You feel a surge of power!
The air twists around and strikes the redback zombie!!
The redback zombie is moderately damaged.
The redback zombie is engulfed in blazing flames.
A redback zombie is nearby!
The redback zombie is engulfed in blazing flames.
The redback zombie is engulfed in blazing flames.
The redback zombie is engulfed in blazing flames.
The redback zombie splashes around in the water.
The redback zombie is engulfed in blazing flames.
You destroy the redback zombie!
Sif Muna accepts your kill.
You start resting.
Your magical contamination has completely faded away.
A jumping spider comes into view.
Casting: Ozocubu's Refrigeration (dangerous; 3% risk of failure)
Press: ? - help, Q - select action, (/) - cycle Dir - look around, f - activate You feel a surge of power!
The heat is drained from your surroundings.
You kill the jumping spider!
Sif Muna accepts your kill.
Magic restored.
A wolf spider zombie comes into view.
Casting: Ozocubu's Refrigeration (dangerous; 3% risk of failure)
Confirm with . or Enter, or press ? or * to list all spells.
Aiming: Airstrike (safe; 1% risk of failure)
Press: ? - help, Dir - move target, f - wolf spider zombie
Aim: a wolf spider zombie (wandering, hasn't noticed you, empty space bonus: 7/8)
You feel a surge of power!
The air twists around and strikes the wolf spider zombie!!
The wolf spider zombie is moderately damaged.
Casting: Airstrike (safe; 1% risk of failure)
Confirm with . or Enter, or press ? or * to list all spells.
Aiming: Airstrike (safe; 1% risk of failure)
Press: ? - help, Dir - move target, f/p - wolf spider zombie
Aim: a wolf spider zombie (moderately damaged, empty space bonus: 7/8)
You feel a surge of power!
The air twists around and strikes the wolf spider zombie!!
The wolf spider zombie is severely damaged.
Casting: Airstrike (safe; 1% risk of failure)
Confirm with . or Enter, or press ? or * to list all spells.
Aiming: Airstrike (safe; 1% risk of failure)
Press: ? - help, Dir - move target, f/p - wolf spider zombie
Aim: a wolf spider zombie (severely damaged, empty space bonus: 6/8)
You feel a surge of power!
The air twists around and strikes the wolf spider zombie!!
The wolf spider zombie is almost destroyed.
Casting: Airstrike (safe; 1% risk of failure)
Confirm with . or Enter, or press ? or * to list all spells.
Aiming: Airstrike (safe; 1% risk of failure)
Press: ? - help, Dir - move target, f/p - wolf spider zombie
Aim: a wolf spider zombie (almost destroyed, empty space bonus: 7/8)
You feel a surge of power!
The air twists around and strikes the wolf spider zombie!
You destroy the wolf spider zombie!
Sif Muna accepts your kill.
You start resting.
Magic restored.
A moth of wrath comes into view.
Casting: Ozocubu's Refrigeration (dangerous; 3% risk of failure)
Press: ? - help, Q - select action, (/) - cycle Dir - look around, f - activate You feel a surge of power!
The heat is drained from your surroundings.
The moth of wrath is heavily wounded.
A tarantella comes into view.
Casting: Ozocubu's Refrigeration (dangerous; 3% risk of failure)
Press: ? - help, Q - select action, (/) - cycle Dir - look around, f - activate You feel a surge of power!
The heat is drained from your surroundings.
You kill the tarantella!
Sif Muna accepts your kill.
The moth of wrath is almost dead.
Casting: Ozocubu's Refrigeration (dangerous; 3% risk of failure)
Press: ? - help, Q - select action, (/) - cycle Dir - look around, f - activate You feel a surge of power!
The heat is drained from your surroundings.
You kill the moth of wrath!
Sif Muna accepts your kill.
You now have 1440 gold pieces (gained 17).
You see here a tarantella corpse.
A culicivora comes into view.
Casting: Ozocubu's Refrigeration (dangerous; 3% risk of failure)
Press: ? - help, Q - select action, (/) - cycle Dir - look around, f - activate You feel a surge of power!
The heat is drained from your surroundings.
You kill the culicivora!
Sif Muna accepts your kill.
You hear a faint skittering sound.
You hear an angry buzzing noise.
You hear a faint skittering sound.
A culicivora comes into view.
Casting: Ozocubu's Refrigeration (dangerous; 3% risk of failure)
Press: ? - help, Q - select action, (/) - cycle Dir - look around, f - activate You feel a surge of power!
The heat is drained from your surroundings.
The culicivora is almost dead.
You hear a faint skittering sound.
A jumping spider comes into view.
Casting: Ozocubu's Refrigeration (dangerous; 3% risk of failure)
Press: ? - help, Q - select action, (/) - cycle Dir - look around, f - activate You feel a surge of power!
The heat is drained from your surroundings.
You kill the jumping spider!
Sif Muna accepts your kill.
You kill the culicivora!
Sif Muna accepts your kill.
A ghost moth comes into view.
A redback comes into view.
Casting: Ozocubu's Refrigeration (dangerous; 3% risk of failure)
Press: ? - help, Q - select action, (/) - cycle Dir - look around, f - activate You feel a surge of power!
The heat is drained from your surroundings.
The ghost moth resists.
The ghost moth is moderately wounded.
You kill the redback!
Sif Muna accepts your kill.
Casting: Ozocubu's Refrigeration (dangerous; 3% risk of failure)
Press: ? - help, Q - select action, (/) - cycle Dir - look around, f - activate You feel a surge of power!
The heat is drained from your surroundings.
The ghost moth resists.
The ghost moth is moderately wounded.
The ghost moth stares at you.
You feel your power leaking away.
Casting: Ozocubu's Refrigeration (dangerous; 3% risk of failure)
Press: ? - help, Q - select action, (/) - cycle Dir - look around, f - activate You feel a surge of power!
The heat is drained from your surroundings.
The ghost moth resists.
The ghost moth is heavily wounded.
Casting: Ozocubu's Refrigeration (dangerous; 3% risk of failure)
Press: ? - help, Q - select action, (/) - cycle Dir - look around, f - activate You feel a surge of power!
The heat is drained from your surroundings.
The ghost moth resists.
The ghost moth is severely wounded.
The ghost moth stares at you.
You feel your power leaking away. You block the ghost moth's attack.
The ghost moth hits you but does no damage.
The ghost moth stings you but does no damage.
You hit the ghost moth.
The ghost moth is severely wounded.
A spark wasp comes into view.
The ghost moth stares at you.
You feel your power leaking away. The ghost moth hits you!
You feel dopey. The ghost moth closely misses you.
The ghost moth completely misses you.
You barely miss the ghost moth. You squeeze the ghost moth!
The ghost moth is severely wounded.
The spark wasp misses you. The ghost moth stares at you.
You feel your power leaking away. The ghost moth misses you.
The ghost moth hits you.
You feel weakened.
The ghost moth stings you but does no damage.
The tremorstone explodes into fragments!
The burst of rock shards engulfs the spark wasp!!
The burst of rock shards engulfs the ghost moth!
The burst of rock shards engulfs the spark wasp but does no damage.
The burst of rock shards engulfs the ghost moth!!
You kill the ghost moth!
Sif Muna accepts your kill.
The burst of rock shards engulfs the spark wasp!
The burst of rock shards engulfs you but does no damage.
You hear a faint skittering sound.
You hear a shout!
You hear a faint skittering sound. x2; You hear a shout!
You hear a faint skittering sound. x2; You hear a chilling moan.
You hear a faint skittering sound.
The spark wasp barely misses you.
The spark wasp stings you but does no damage.
You hit the spark wasp but do no damage.
You grab the spark wasp.
You squeeze the spark wasp, but do no damage.
The spark wasp is heavily wounded.
You constrict the spark wasp.
The spark wasp stings you but does no damage.
A spectral jumping spider comes into view.
You yell at the spectral jumping spider!
A pharaoh ant comes into view.
The spark wasp misses you.
You hit the spark wasp but do no damage.
The spark wasp is heavily wounded.
You constrict the spark wasp. The spark wasp stings you!
The spark wasp shocks you. You resist.
You open the lid... ...and a larval stingweird beast leaps out!
The box is emptied!
You constrict the spark wasp. The spark wasp stings you.
The spark wasp shocks you. You resist. The spark wasp completely misses you.
You barely miss the spark wasp.
The spark wasp is heavily wounded.
You constrict the spark wasp. The spark wasp closely misses you.
You hit the spark wasp but do no damage.
You freeze the spark wasp!!
The spark wasp is almost dead.
You constrict the spark wasp. The spark wasp stings you!
The spark wasp shocks you. You resist.
A culicivora comes into view.
The spark wasp stings you! The spark wasp shocks you. You resist.
The spectral jumping spider pounces on you but does no damage.
The spectral jumping spider misses you.
You swap places.
You release your grip on the spark wasp.
The spark wasp stings your larval stingweird beast!!
Your larval stingweird beast dies!
Your larval stingweird beast's corpse disappears in a puff of smoke!
As you read the scroll of teleportation, it crumbles to dust.
You feel strangely unstable.
Aiming: Mindburst
Press: ? - help, Shift-Dir - straight line, f - spark wasp
Aim: a spark wasp (almost dead, chance to affect: 71%)
The spark wasp's mind is blasted!
You blow up the spark wasp!
Sif Muna accepts your kill.
Your surroundings suddenly seem different.
You yell at the ghost moth!
A ghost moth, a wolf spider, a torpor snail and a spark wasp come into view.
The wolf spider's many legs skitter.
The spark wasp buzzes angrily.
You hear a faint skittering sound. x2
The ghost moth stares at you.
You feel your power leaking away. The ghost moth hits you!
The ghost moth hits you but does no damage.
The ghost moth closely misses you.
A redback comes into view.
Being near the torpor snail leaves you feeling lethargic.
A broodmother comes into view.
Blink to where?
Press: ? - help, Dir - move target
As you read the scroll of blinking, it crumbles to dust.
The spark wasp bursts into living lightning!
The living lightning hits you! You resist.
* * * LOW HITPOINT WARNING * * *
The spark wasp blinks! x2; The spark wasp stings you.
* * * LOW HITPOINT WARNING * * *
The spark wasp shocks you. You resist.
* * * LOW HITPOINT WARNING * * *
The ghost moth stares at you.
You feel your power leaking away.
Aiming: Dig
Press: ? - help, Shift-Dir - straight line You can't see that place.
The rock shatters into small pieces.
A culicivora comes into view.
The culicivora's many legs skitter faintly.
A redback and a jumping spider come into view.
The jumping spider's many legs skitter faintly.
You hear a faint skittering sound.
The spark wasp stings you!!
* * * LOW HITPOINT WARNING * * *
The spark wasp shocks you. You resist.
* * * LOW HITPOINT WARNING * * *
The spark wasp stings you!
You die...

Skill      XL: |  1  2  3  4  5  6  7  8  9 10 11 12 13 14 15 16 17 18 19 |
---------------+----------------------------------------------------------+-----
Stealth        | 3 4 |  4.0
Conjurations   | 2 3 4 5 6 7 8 9 10 | 10.8
Fighting       | 1 2 3 5 6 7 8 9 10 | 10.0
Air Magic      | 4 5 6 7 8 9 10 11 12 | 12.0
Spellcasting   | 3 4 5 6 7 8 9 11 12 13 14 | 14.9
Dodging        | 3 4 5 6 7 8 9 10 | 10.0
Evocations     | 3 5 6 |  6.0
Transmutations | 4 6 7 8 |  8.0
Invocations    | 2 4 6 8 9 |  9.0
Summonings     | 1 3 5 |  5.0
Ice Magic      | 1 5 8 11 12 | 12.6
Fire Magic     | 1 5 9 10 | 10.0
Shields        | 3 6 7 |  7.5
Staves         | 1 2 4 |  4.0

Action                   |  1- 3 |  4- 6 |  7- 9 | 10-12 | 13-15 | 16-18 | 19-21 || total
-------------------------+-------+-------+-------+-------+-------+-------+-------++-------
Melee: Dagger            |     3 |       |       |       |       |       |       ||     3
       Quarterstaff      |     2 |    33 |    16 |       |       |       |       ||    51
       Constrict         |     2 |    11 |     9 |     8 |     8 |     4 |     2 ||    44
       Tentacles         |     1 |     7 |     7 |     7 |     9 |     6 |     3 ||    40
       Punch             |       |       |     1 |       |       |       |       ||     1
       Whip              |       |       |    24 |     6 |       |       |       ||    30
       Morningstar       |       |       |       |    29 |    22 |       |       ||    51
       Staff             |       |       |       |       |    17 |    18 |     8 ||    43
 Fire: Sling             |    48 |    63 |     5 |       |       |       |       ||   116
Throw: Javelin           |       |     5 |       |       |       |       |       ||     5
       Dart              |       |       |     8 |       |       |       |       ||     8
 Cast: Shock             |     9 |     8 |   195 |   140 |     3 |       |       ||   355
       Swiftness         |       |     1 |     2 |     1 |     1 |       |       ||     5
       Airstrike         |       |       |     4 |   254 |   594 |   119 |     7 ||   978
       Static Discharge  |       |       |     2 |    13 |    15 |       |       ||    30
       Summon Lightning  |       |       |       |     3 |    67 |     2 |       ||    72
       Irradiate         |       |       |       |     2 |     9 |    29 |    10 ||    50
       Ozocubu's Armour  |       |       |       |       |     4 |     8 |       ||    12
       Conjure Ball Ligh |       |       |       |       |    25 |     8 |       ||    33
       Ozocubu's Refrige |       |       |       |       |       |   254 |   144 ||   398
       Fireball          |       |       |       |       |       |    10 |    20 ||    30
Invok: Channel Magic     |       |       |       |       |     1 |     1 |     1 ||     3
       Forget Spell      |       |       |       |       |       |     2 |       ||     2
Evoke: Wand              |       |       |       |     4 |       |     3 |     2 ||     9
       Lightning rod     |       |       |       |       |     4 |     5 |       ||     9
       Box of beasts     |       |       |       |       |     1 |       |     1 ||     2
       Tin of tremorston |       |       |       |       |       |     2 |     1 ||     3
       Condenser vane    |       |       |       |       |       |     1 |     1 ||     2
  Use: Scroll            |       |     2 |     9 |    15 |     7 |     3 |     2 ||    38
       Potion            |       |       |     6 |       |     4 |     3 |       ||    13
 Stab: Sleeping          |     1 |     2 |     5 |     1 |     1 |       |       ||    10
Armor: Skin              |     2 |    12 |    14 |    10 |    42 |    56 |    20 ||   156
Dodge: Dodged            |    17 |    47 |    63 |    69 |   146 |   162 |    42 ||   546
Block: Buckler           |       |       |       |       |       |       |     6 ||     6

Levels and vault maps discovered:
D:1:      minmay_arrival_open_corners, layout_loops_ring
D:2:      layout_loops_ring, minmay_between
D:3:      layout_basic, st_stairs_12, minmay_stone_trees_medium,
          minmay_misc_feat_nine_boxes, grunt_ministairs_12,
          uniq_crazy_yiuf_cottage, uniq_sigmund
D:4:      layout_rooms, lemuel_doored_altar, uniq_grinder
D:5:      layout_basic, serial_shops, shop, grunt_tough_drop, uniq_pikel,
          uniq_duvessa, uniq_ijyb
D:6:      layout_rooms, nicolae_hepliaklqana_hazy_memory,
          nicolae_uskayaw_en_pointe, mainiacjoe_overflow_large_starburst,
          gup_sewer_entry_bowl, hangedman_decor_slide_cut, uniq_edmund
D:7:      layout_gridville, mainiacjoe_overflow_small_starburst,
          minmay_temple_entry_glassed_door
D:8:      layout_cave_pools, erik_lair_island, minmay_shop_damaged,
          minmay_mini_ossuary
D:9:      layout_irregular_city, serial_shops, kennysheep_mini_moat,
          hangedman_abyss_or_decor_stagger
D:10:     layout_long_grid, xom_butterflies, lemuel_crystal_altar,
          bh_circular_ruins
D:11:     layout_basic, orc_0_dummy, serial_shops, nicolae_square_shop
D:12:     layout_long_grid
D:13:     layout_basic, serial_shops, nicolae_shop_crystal, uniq_rupert
D:14:     layout_long_grid, david_vaults_2
D:15:     grunt_enter_depths_magical_seal, layout_rooms, skrybe_limestone_x,
          gammafunk_ghost_arena
Lair:1:   layout_chaotic_city, small_statue_intersection, beast_lair_carwin_10
Lair:2:   layout_loops_ring, elwin_shoals_entry_stream, basic_altar,
          uniq_harold, uniq_maggie, uniq_sonja
Lair:3:   layout_regular_city, spider_nest_entry_webs, portal_ice_cave_rime,
          gauntlet_entry_generic, lemuel_fruit_fields, serial_bayou_shore_b
Lair:4:   layout_cave_pods, slime_entry_1, roderic_batcave
Lair:5:   wormcave, layout_cave_pods, guppyfry_lair_end_dragon,
          nicolae_quartered_pool_medium, nicolae_lair_lil_pond
Shoals:1: layout_shoals, serial_shops, bzr_entry_islet, nicolae_specific_store,
          uniq_louise, uniq_aizul
Shoals:2: layout_shoals
Shoals:3: layout_shoals, lemuel_oklob_altar
Shoals:4: shoals_end_grunt_ice, layout_shoals, ldierk_geyser
Spider:1: layout_spider_delve, worms_lemuel, uniq_roxanne
Spider:2: layout_spider_delve
Spider:3: layout_spider_delve, nzn_ghost_randoct, drop_trap,
          nicolae_spider_cling_halls
Spider:4: floodkiller_spider_rune_tomb, nicolae_spider_webbed_stairs
Orc:1:    layout_diamond_mine
Orc:2:    hellmonk_orc_salted, layout_caves, uniq_josephine

Notes
Turn   | Place    | Note
-------+----------+-------------------------------------------
     0 | D:1      | scionoferis the Octopode Air Elementalist began the quest
                  | for the Orb.
     0 | D:1      | Reached XP level 1. HP: 11/11 MP: 3/3
    40 | D:1      | Reached skill level 3 in Stealth
    43 | D:1      | Reached XP level 2. HP: 12/17 MP: 1/5
   532 | D:1      | Reached XP level 3. HP: 21/21 MP: 6/6
   865 | D:2      | Reached skill level 4 in Stealth
  1166 | D:2      | Reached XP level 4. HP: 26/27 MP: 7/7
  1211 | D:2      | Learned a level 2 spell: Static Discharge
  1236 | D:2      | Reached skill level 2 in Conjurations
  1505 | D:3      | Noticed Sigmund
  1938 | D:3      | Reached XP level 5. HP: 32/32 MP: 9/9
  1972 | D:3      | Found a runed translucent door.
  1973 | D:3      | Noticed Crazy Yiuf
  2473 | D:4      | Reached skill level 1 in Fighting
  2473 | D:4      | Reached skill level 4 in Air Magic
  2587 | D:4      | Noticed Grinder
  2745 | D:4      | Reached skill level 3 in Spellcasting
  2745 | D:4      | Reached skill level 3 in Conjurations
  2745 | D:4      | Reached XP level 6. HP: 32/38 MP: 10/10
  2750 | D:4      | Learned a level 3 spell: Swiftness
  2990 | D:4      | Found a shimmering blue altar of Sif Muna.
  3006 | D:4      | Became a worshipper of Sif Muna the Loreminder
  3209 | D:5      | Entered Level 5 of the Dungeon
  3228 | D:4      | Identified a scroll of acquirement
  3596 | D:4      | Acquired a +2 hat of stealth
  3662 | D:4      | Killed Grinder
  3663 | D:4      | Reached skill level 2 in Fighting
  3663 | D:4      | Reached skill level 3 in Dodging
  3663 | D:4      | Reached XP level 7. HP: 32/45 MP: 7/12
  3718 | D:5      | Reached skill level 4 in Conjurations
  3718 | D:5      | Reached skill level 5 in Air Magic
  3753 | D:5      | HP: 1/45 [acid (7)]
  3758 | D:5      | HP: 3/45 [poisoned by a water moccasin]
  3884 | D:5      | Found Cara Zyrph's Book Shoppe.
  3908 | D:5      | Reached XP level 8. HP: 32/51 MP: 7/13
  4106 | D:5      | Noticed Ijyb
  4110 | D:5      | Killed Ijyb
  4228 | D:5      | Noticed Pikel
  4240 | D:5      | Killed Pikel
  4241 | D:5      | Reached skill level 3 in Fighting
  4241 | D:5      | Reached skill level 4 in Dodging
  4241 | D:5      | Reached skill level 4 in Spellcasting
  4241 | D:5      | Reached skill level 5 in Conjurations
  4241 | D:5      | Reached skill level 6 in Air Magic
  4617 | D:5      | Reached XP level 9. HP: 58/58 MP: 11/15
  4739 | D:5      | Reached * piety under Sif Muna
  4845 | D:5      | Reached skill level 6 in Conjurations
  4894 | D:5      | Learned a level 4 spell: Airstrike
  4995 | D:5      | Noticed Dowan
  5001 | D:5      | Noticed Duvessa
  5030 | D:5      | Killed Dowan
  5031 | D:5      | Reached skill level 4 in Fighting
  5034 | D:5      | Killed Duvessa
  5035 | D:5      | Reached skill level 1 in Evocations
  5588 | D:5      | Reached skill level 7 in Air Magic
  5625 | D:6      | Found a hazy altar of Hepliaklqana.
  5628 | D:6      | Noticed Edmund
  5655 | D:6      | Killed Edmund
  5656 | D:6      | Reached skill level 2 in Evocations
  5705 | D:6      | Reached skill level 5 in Spellcasting
  5746 | D:6      | Found a glowing drain.
  5750 | Sewer    | Entered a sewer
  5866 | Sewer    | Reached skill level 5 in Dodging
  6109 | Sewer    | Reached ** piety under Sif Muna
  6475 | D:6      | Found a burning altar of Makhleb.
  6501 | D:6      | Found a stormy altar of Qazlal.
  6704 | D:6      | Noticed a +0 dagger
  6704 | D:6      | Noticed a +0 short sword
  6705 | D:6      | Noticed a +0 dagger
  6707 | D:6      | Noticed a +0 falchion
  6707 | D:6      | Noticed a +0 spear
  6708 | D:6      | Noticed a +0 short sword
  6708 | D:6      | Noticed a +0 falchion
  6709 | D:6      | Noticed a +0 spear
  6716 | D:6      | Found a hide-covered altar of Uskayaw.
  7059 | D:6      | Got Vuacly's Parchment of Crystalline Curses
  7111 | D:7      | Reached skill level 5 in Fighting
  7111 | D:7      | Reached skill level 3 in Evocations
  7111 | D:7      | Reached XP level 10. HP: 63/66 MP: 11/18
  7273 | D:7      | Found a staircase to the Ecumenical Temple.
  7512 | D:7      | Reached skill level 7 in Conjurations
  7766 | D:7      | Reached *** piety under Sif Muna
  7936 | D:7      | Found an ancient bone altar of Kikubaaqudgha.
  8140 | D:8      | Reached skill level 4 in Evocations
  8175 | D:8      | Reached skill level 6 in Dodging
  8328 | D:8      | Found a staircase to the Lair.
  8395 | D:8      | Reached **** piety under Sif Muna
  8396 | D:8      | Reached skill level 8 in Air Magic
  8456 | D:8      | Reached skill level 6 in Spellcasting
  8568 | D:8      | Found Gafu's Lightly-Used Armoury.
  8816 | D:8      | Identified the +8 falchion of Defenestration {flame, rF+
                  | rN+}
  8959 | D:9      | Identified the +7 morningstar of the Beginning {spect, rF+
                  | Will+}
  9115 | D:9      | Reached skill level 6 in Fighting
  9387 | D:9      | Acquired the ring "Zunemymo" {rC+ MP+9 AC+4 Int-2}
  9410 | D:9      | Found Tuel's Jewellery Boutique.
  9413 | D:9      | Bought the ring of Cynicism {Fly rF+ Int+4 Stlth+} for 498
                  | gold pieces
  9466 | D:9      | Reached skill level 5 in Evocations
  9466 | D:9      | Reached XP level 11. HP: 72/72 MP: 20/20
  9993 | D:10     | Entered Level 10 of the Dungeon
 10040 | D:10     | Reached ***** piety under Sif Muna
 10414 | D:10     | Found a shimmering altar of Xom.
 10531 | D:10     | Reached skill level 8 in Conjurations
 10758 | D:10     | Found an iron altar of Okawaru.
 10896 | D:11     | Reached skill level 7 in Dodging
 10954 | D:11     | Found Hianoo's Magic Scroll Shop.
 10967 | D:11     | Bought a scroll of identify for 36 gold pieces
 10967 | D:11     | Bought a scroll of identify for 36 gold pieces
 10967 | D:11     | Bought a scroll of identify for 36 gold pieces
 11109 | D:11     | Noticed a two-headed ogre
 11172 | D:11     | Killed a two-headed ogre
 11211 | D:11     | Noticed a cyclops
 11214 | D:11     | Killed a cyclops
 11255 | D:11     | Reached skill level 6 in Evocations
 11284 | D:11     | Noticed a two-headed ogre
 11285 | D:11     | Noticed a two-headed ogre
 11285 | D:11     | Noticed a two-headed ogre
 11368 | D:11     | Received a gift from Sif Muna
 11369 | D:11     | Reached skill level 7 in Spellcasting
 11371 | D:11     | Reached skill level 7 in Fighting
 11413 | D:11     | Got Asmodeus's Handbook of Friendly Conjuring {god gift}
 11572 | D:11     | Reached skill level 9 in Air Magic
 11679 | D:11     | Found a staircase to the Orcish Mines.
 11991 | D:11     | Killed a two-headed ogre
 12017 | D:11     | Killed a two-headed ogre
 12021 | D:11     | Killed a two-headed ogre
 12199 | D:12     | Noticed a brown ugly thing
 12216 | D:12     | Killed a cyan ugly thing
 12217 | D:12     | Reached XP level 12. HP: 26/81 MP: 3/23
 12433 | D:12     | Reached skill level 8 in Dodging
 12580 | D:12     | Noticed a two-headed ogre
 12589 | D:12     | Killed a two-headed ogre
 12590 | D:12     | Reached skill level 9 in Conjurations
 12648 | D:12     | Learned a level 5 spell: Irradiate
 12747 | D:12     | Noticed a boulder beetle
 12759 | D:12     | Killed a boulder beetle
 12931 | D:12     | Reached skill level 1 in Transmutations
 13439 | D:9      | Bought a ring of poison resistance for 220 gold pieces
 13511 | Lair:1   | Entered Level 1 of the Lair of Beasts
 13520 | Lair:1   | Reached skill level 2 in Transmutations
 13525 | D:8      | Reached skill level 8 in Fighting
 13711 | Lair:1   | Reached skill level 1 in Invocations
 14025 | Lair:1   | Reached skill level 8 in Spellcasting
 14134 | Lair:1   | Reached skill level 3 in Transmutations
 14414 | Lair:1   | Learned a level 4 spell: Summon Lightning Spire
 14567 | Lair:2   | Found a radiant altar of Vehumet.
 14569 | Lair:2   | Noticed Sonja
 14598 | Lair:2   | Killed Sonja
 14599 | Lair:2   | Reached skill level 2 in Invocations
 14603 | Lair:2   | Reached skill level 10 in Air Magic
 14668 | Lair:2   | Reached skill level 1 in Summonings
 14672 | Lair:2   | Reached skill level 4 in Transmutations
 14824 | Lair:2   | You are sucked into a shaft and drop 1 floor!
 14835 | Lair:3   | Found a gate leading to a gauntlet.
 14844 | Gauntlet | Entered a Gauntlet
 14844 | Gauntlet | Noticed a catoblepas
 14844 | Gauntlet | Found a transporter.
 14844 | Gauntlet | Found a transporter.
 14845 | Gauntlet | Found a transporter.
 14848 | Gauntlet | Found a transporter.
 14848 | Gauntlet | Found a transporter.
 14849 | Gauntlet | Found a transporter.
 14859 | Gauntlet | Found a transporter.
 14862 | Gauntlet | Found a transporter.
 14862 | Gauntlet | Found a transporter.
 14862 | Gauntlet | Found a transporter.
 14864 | Gauntlet | Found a large runed translucent door.
 14865 | Gauntlet | Found a large runed translucent door.
 14866 | Gauntlet | Found a large runed translucent door.
 14866 | Gauntlet | Found a large runed translucent door.
 14866 | Gauntlet | Found a runed translucent door.
 14867 | Gauntlet | Found a large runed translucent door.
 14868 | Gauntlet | Found a large runed translucent door.
 14869 | Gauntlet | Found a large runed translucent door.
 14869 | Gauntlet | Found a large runed translucent door.
 14870 | Gauntlet | Found a runed translucent gate.
 14870 | Gauntlet | Found a runed translucent gate.
 14871 | Gauntlet | Noticed a death scarab
 14872 | Gauntlet | Found a transporter.
 14872 | Gauntlet | Noticed a death scarab
 14873 | Gauntlet | Found a transporter.
 14902 | Gauntlet | Found a runed translucent gate.
 14903 | Gauntlet | Found a large runed translucent door.
 14903 | Gauntlet | Found a large runed translucent door.
 14904 | Gauntlet | Found a large runed translucent door.
 14905 | Gauntlet | Found a large runed translucent door.
 14912 | Gauntlet | Found a runed translucent door.
 14923 | Gauntlet | Found a large runed translucent door.
 14923 | Gauntlet | Found a large runed translucent door.
 14924 | Gauntlet | Found a large runed translucent door.
 14925 | Gauntlet | Found a large runed translucent door.
 15034 | Lair:3   | Found a frozen archway.
 15037 | Lair:3   | Reached XP level 13. HP: 74/89 MP: 23/25
 15081 | IceCv    | Entered an ice cave
 15124 | IceCv    | Received a gift from Sif Muna
 15125 | IceCv    | Got Ynimetz's Disquisition on Charred Direction {god gift}
 15301 | IceCv    | Gained mutation: You occasionally lose the ability to read
                  | scrolls when taking damage. [mutagenic glow]
 15308 | IceCv    | Gained mutation: Your spells are a little easier to cast,
                  | but a little less powerful. [mutagenic glow]
 15737 | IceCv    | Reached skill level 2 in Summonings
 15737 | IceCv    | Reached skill level 3 in Invocations
 16142 | IceCv    | Reached skill level 5 in Transmutations
 16191 | IceCv    | Noticed a reaper
 16207 | IceCv    | Killed a reaper
 16208 | IceCv    | Reached skill level 9 in Dodging
 16301 | IceCv    | Identified a +1 crystal plate armour of cold resistance
 16475 | Lair:3   | Lost mutation: You occasionally lose the ability to read
                  | scrolls when taking damage. [potion of mutation]
 16475 | Lair:3   | Lost mutation: Your spells are a little easier to cast, but
                  | a little less powerful. [potion of mutation]
 16475 | Lair:3   | Gained mutation: You are covered in fur. (AC +1) [potion of
                  | mutation]
 16475 | Lair:3   | Gained mutation: You occasionally shout uncontrollably at
                  | your foes. [potion of mutation]
 16475 | Lair:3   | Gained mutation: You frequently scream uncontrollably at
                  | your foes. [potion of mutation]
 16476 | Lair:3   | Lost mutation: You are covered in fur. (AC +1) [potion of
                  | mutation]
 16476 | Lair:3   | Lost mutation: You frequently scream uncontrollably at your
                  | foes. [potion of mutation]
 16476 | Lair:3   | Gained mutation: You passively map a small area around you.
                  | [potion of mutation]
 16476 | Lair:3   | Gained mutation: You passively map the area around you.
                  | [potion of mutation]
 16476 | Lair:3   | Gained mutation: You have hidden genetic potential. [potion
                  | of mutation]
 16476 | Lair:3   | Gained mutation: Your mind is acute. (Int +4, Str/Dex -1)
                  | [potion of mutation]
 16477 | Lair:3   | Upgraded the game from 0.30-a0-528-g8c47a4955b to
                  | 0.30-a0-534-gdc55766716
 16879 | Lair:3   | Found a hole to the Spider Nest.
 17324 | Lair:2   | Noticed Harold
 17324 | Lair:2   | Noticed Maggie
 17582 | Lair:2   | Killed Harold
 17929 | Lair:2   | Found a staircase to the Shoals.
 17958 | Lair:2   | Reached skill level 10 in Conjurations
 18002 | Lair:2   | Reached skill level 3 in Summonings
 18002 | Lair:2   | Reached skill level 4 in Invocations
 18042 | Lair:2   | Killed Maggie
 18073 | Lair:2   | Reached skill level 6 in Transmutations
 18433 | Lair:2   | Reached skill level 9 in Fighting
 18582 | Lair:4   | Acquired the +3 Elemental Staff {rElec rF++ rC++ AC+5}
 18582 | Lair:4   | Found the +3 Elemental Staff {rElec rF++ rC++ AC+5}
 18935 | Lair:4   | Received a gift from Sif Muna
 18938 | Lair:4   | Got Sif Muna's Teachings on Bloody Graupel {god gift}
 18943 | Lair:4   | Learned a level 3 spell: Ozocubu's Armour
 18997 | Lair:4   | Found a staircase to the Slime Pits.
 19678 | Lair:5   | Entered Level 5 of the Lair of Beasts
 19689 | Lair:5   | Reached skill level 1 in Ice Magic
 19758 | Lair:5   | Reached XP level 14. HP: 97/97 MP: 11/26
 19949 | Lair:5   | Reached skill level 4 in Summonings
 19954 | Lair:5   | Reached skill level 9 in Spellcasting
 19954 | Lair:5   | Reached skill level 2 in Ice Magic
 20064 | Lair:5   | Reached skill level 5 in Invocations
 20286 | Lair:5   | Gained mutation: You possess an exceptional clarity of
                  | mind. [hidden potential]
 20548 | Lair:5   | Reached skill level 3 in Ice Magic
 20644 | Lair:5   | Found a runed translucent door.
 20699 | Lair:5   | Reached skill level 7 in Transmutations
 20762 | Lair:5   | Reached skill level 11 in Air Magic
 21396 | Lair:5   | Reached skill level 4 in Ice Magic
 21534 | Lair:5   | Identified the +7 rapier of the Demagogue {drain, rF+ rN+
                  | Int-2}
 21542 | Lair:5   | Identified the +1 leather armour of the Untouchables
                  | {Rampage Will+ Dex+2}
 21815 | Lair:5   | Reached skill level 10 in Dodging
 22026 | Lair:5   | Reached skill level 5 in Summonings
 22363 | D:3      | Killed Crazy Yiuf
 22451 | D:3      | Killed Sigmund
 22633 | D:11     | Bought a scroll of blinking for 135 gold pieces
 22939 | D:13     | Noticed Rupert
 23052 | D:13     | Reached skill level 6 in Invocations
 23067 | D:13     | Reached skill level 5 in Ice Magic
 23310 | D:13     | Received a gift from Sif Muna
 23396 | D:13     | Found Jasiseolil's Magic Scroll Boutique.
 23403 | D:13     | Bought a scroll of identify for 32 gold pieces
 24167 | D:14     | Reached XP level 15. HP: 103/103 MP: 28/28
 24193 | D:14     | Reached skill level 10 in Spellcasting
 24446 | D:14     | Reached skill level 10 in Fighting
 25073 | D:14     | Reached skill level 6 in Ice Magic
 25076 | D:14     | Gained mutation: You are strong-willed. (Will+) [hidden
                  | potential]
 25076 | D:14     | Lost mutation: You have hidden genetic potential. [hidden
                  | potential expressed]
 25316 | D:14     | Reached skill level 8 in Transmutations
 25507 | D:14     | Found a gate to the Vaults.
 25814 | D:8      | Learned a level 6 spell: Conjure Ball Lightning
 25916 | Orc:1    | Entered Level 1 of the Orcish Mines
 26764 | Orc:2    | Entered Level 2 of the Orcish Mines
 26790 | Orc:2    | Noticed an orc warlord
 26798 | Orc:2    | Reached skill level 7 in Invocations
 26801 | Orc:2    | Killed an orc warlord
 26801 | Orc:2    | Received a gift from Sif Muna
 26804 | Orc:2    | Noticed an orc warlord
 26806 | Orc:2    | Reached skill level 7 in Ice Magic
 26812 | Orc:2    | Killed an orc warlord
 27015 | Orc:2    | Got Sif Muna's Atlas of Turbulent Outbursts {god gift}
 27083 | Orc:2    | Found a staircase to the Elven Halls.
 27399 | Orc:2    | Noticed an orc warlord
 27403 | Orc:2    | Noticed Josephine
 27719 | Orc:2    | Killed an orc warlord
 27778 | Orc:2    | Killed Josephine
 27800 | Orc:2    | Reached skill level 8 in Ice Magic
 27800 | Orc:2    | Reached skill level 12 in Air Magic
 28054 | Orc:2    | Noticed an orc warlord
 28063 | Orc:2    | Killed an orc warlord
 28070 | Orc:2    | Reached skill level 11 in Spellcasting
 28090 | Orc:2    | Reached skill level 8 in Invocations
 28292 | Orc:2    | Found Toexkat's Book Emporium.
 28310 | Orc:2    | Found Hygiveud's Distillery.
 28312 | Orc:2    | Found Cetaqez's Antique Armour Boutique.
 28331 | Orc:2    | Found Zyg Ikh's Distillery.
 28339 | Orc:2    | Bought a potion of heal wounds for 60 gold pieces
 28532 | Orc:2    | Bought a book of Fire for 480 gold pieces
 28539 | Orc:2    | Learned a level 5 spell: Fireball
 28735 | D:15     | Entered Level 15 of the Dungeon
 28760 | D:15     | Found a transporter.
 28760 | D:15     | Noticed a frost giant
 28762 | D:15     | Noticed demibob's ghost (adept DsBe)
 28793 | D:15     | Found a transporter.
 28853 | D:15     | Reached skill level 1 in Fire Magic
 28967 | D:15     | Reached XP level 16. HP: 91/109 MP: 31/31
 29033 | D:15     | Reached skill level 9 in Ice Magic
 29058 | D:15     | Received a gift from Sif Muna
 29275 | D:15     | Reached skill level 2 in Fire Magic
 29292 | D:15     | Found a staircase to the Depths.
 29698 | Spider:1 | Entered Level 1 of the Spider Nest
 29971 | Lair:3   | Learned a level 7 spell: Ozocubu's Refrigeration
 30264 | Spider:1 | Reached skill level 3 in Fire Magic
 30353 | Spider:1 | Reached skill level 10 in Ice Magic
 30397 | Spider:1 | Reached skill level 9 in Invocations
 31060 | Spider:1 | Identified the +10 shortbow "Laypp" {drain, Str+3 Stlth+}
 31113 | Spider:1 | Identified Roxanne's Handbook of Excavation
 31113 | Spider:1 | Noticed Roxanne
 31361 | Spider:1 | Reached skill level 1 in Shields
 31361 | Spider:1 | Reached skill level 4 in Fire Magic
 31643 | Spider:2 | Received a gift from Sif Muna
 31800 | Spider:2 | Reached skill level 2 in Shields
 31942 | Spider:2 | Reached skill level 12 in Spellcasting
 32188 | Spider:2 | Reached skill level 11 in Ice Magic
 32464 | Spider:2 | Reached skill level 3 in Shields
 32464 | Spider:2 | Reached skill level 5 in Fire Magic
 32631 | Spider:2 | Reached XP level 17. HP: 115/115 MP: 10/33
 33551 | Spider:3 | Reached skill level 4 in Shields
 33661 | Spider:3 | Received a gift from Sif Muna
 33662 | Spider:3 | Got Sif Muna's Essays on Hiemal Changing {god gift}
 33955 | Spider:3 | Reached skill level 6 in Fire Magic
 34155 | Spider:3 | Reached skill level 13 in Spellcasting
 34539 | Spider:3 | Noticed xzight's ghost (adept DEFE)
 34540 | Spider:3 | Noticed Becogod's ghost (adept GrEE)
 34541 | Spider:3 | Noticed Arachne
 34640 | Spider:3 | Found a transporter.
 34652 | Spider:3 | Found a transporter.
 35198 | Shoals:1 | Entered Level 1 of the Shoals
 35219 | Shoals:1 | Found a flickering gateway to a bazaar.
 35236 | Bazaar   | Entered a bazaar
 35254 | Bazaar   | Found Weirow's Antique Armour Shoppe.
 35254 | Bazaar   | Found Xedodo's Magic Scroll Emporium.
 35276 | Bazaar   | Found Ythyng's Assorted Antiques.
 35292 | Bazaar   | Found Gemiciy's Jewellery Shoppe.
 35292 | Bazaar   | Found Tech's Weapon Emporium.
 35350 | Bazaar   | Bought a scroll of teleportation for 36 gold pieces
 35527 | Shoals:1 | Reached skill level 5 in Shields
 35687 | Shoals:1 | Noticed Louise
 35691 | Shoals:1 | Killed Louise
 35734 | Shoals:1 | Upgraded the game from 0.30-a0-534-gdc55766716 to
                  | 0.30-a0-540-g0af01429fa
 35895 | Shoals:1 | Found Fuoso's Specific Store.
 35899 | Shoals:1 | Found Heil's General Store.
 36021 | Shoals:1 | Noticed Aizul
 36025 | Shoals:1 | Killed Aizul
 36983 | Shoals:2 | Reached skill level 7 in Fire Magic
 37010 | Shoals:2 | Reached skill level 12 in Ice Magic
 37205 | Shoals:2 | Reached skill level 1 in Staves
 37916 | Shoals:3 | Identified the +3 rapier of the Magic Mushroom {drain,
                  | Contam +Blink rPois Will+}
 37997 | Shoals:3 | Reached skill level 6 in Shields
 38061 | Shoals:3 | Found a radiant altar of Vehumet.
 38124 | Shoals:3 | Identified a potion of experience
 38125 | Shoals:3 | Reached skill level 9 in Fire Magic
 38125 | Shoals:3 | Reached XP level 18. HP: 120/120 MP: 35/35
 38782 | Shoals:4 | Entered Level 4 of the Shoals
 38834 | Shoals:4 | Reached skill level 14 in Spellcasting
 38835 | Shoals:4 | Reached skill level 2 in Staves
 39105 | Shoals:4 | Reached XP level 19. HP: 126/126 MP: 37/37
 39182 | Shoals:4 | Identified the +5 ring mail "Labysek" {rC- Int+2 Stlth+}
 39397 | Shoals:4 | Received a gift from Sif Muna
 39416 | Shoals:4 | Reached skill level 3 in Staves
 39590 | Shoals:4 | Got Sif Muna's Anthology of Shifting and the Legion {god
                  | gift}
 40485 | Shoals:4 | Got a barnacled rune of Zot
 40770 | Spider:4 | Entered Level 4 of the Spider Nest
 40949 | Spider:4 | Reached skill level 7 in Shields
 41182 | Spider:4 | Received a gift from Sif Muna
 41183 | Spider:4 | Got Sif Muna's Almanac of Conjuration {god gift}
 41250 | Spider:4 | Reached skill level 4 in Staves
 41764 | Spider:4 | Identified the +9 long sword of Corruption {protect, Fly
                  | rF+}
 41834 | Spider:4 | Reached skill level 10 in Fire Magic
 42000 | Spider:4 | HP: 7/126 [spark wasp[a torpor snail] (19)]
 42000 | Spider:4 | HP: 2/126 [spark wasp[a torpor snail] (5)]
 42000 | Spider:4 | Demolished by a spark wasp

Vanquished Creatures
  A frost giant (Shoals:4)
  3 emperor scorpions (Spider:1 Spider:4)
  4 ghost moths (Spider:3 Spider:4)
  Aizul (Shoals:1)
  Louise (Shoals:1)
  4 orc warlords (Orc:2)
  A reaper (IceCv)
  3 broodmothers (Spider:2)
  4 spark wasps (Spider:2 Spider:3 Spider:4)
  A yaktaur captain (D:14)
  6 merfolk impalers (Shoals:2 Shoals:4)
  A fire dragon (Lair:5)
  4 merfolk javelineers (Shoals:2 Shoals:4)
  Josephine (Orc:2)
  3 entropy weavers (Spider:1 Spider:4)
  9 radroaches (Spider:1 Spider:2 Spider:3 Spider:4)
  6 hydras (Lair:2 Lair:5 D:14)
  Harold (Lair:2)
  3 boulder beetles (D:12 Spider:1 Spider:3)
  2 centaur warriors (D:14 D:15)
  6 jorogumos (Spider:1 Spider:3 Spider:4)
  3 alligator snapping turtles (Shoals:2 Shoals:4)
  A merfolk aquamancer (Shoals:4)
  3 merfolk avatars (Shoals:4)
  A satyr (Shoals:4)
  6 two-headed ogres (D:11 D:12 D:14)
  8 death yaks (Lair:5 Lair:4)
  A tengu warrior (D:13)
  2 orc high priests (Orc:2)
  Sonja (Lair:2)
  7 pharaoh ants (Spider:1 Lair:3 Spider:2 Spider:3 Spider:4)
  A sun moth (Spider:4)
  11 steelbarb worms (Spider:1 Spider:2 Spider:3 Spider:4)
  15 sea snakes (Shoals:1 Shoals:2 Shoals:4)
  6 orb spiders (Spider:2 Spider:3 Spider:4)
  A swamp dragon (Lair:5)
  A necromancer (D:15)
  A wolf spider zombie (Spider:4)
  3 wizards (D:14 D:15)
  Pikel (D:5)
  5 deep elf pyromancers (D:12 D:13 D:14 D:15)
  10 harpies (Shoals:2 Shoals:3 Shoals:4)
  A deep elf zephyrmancer (D:15)
  6 orc knights (Orc:2)
  An oklob plant (Shoals:3)
  15 wolf spiders (Lair:3 Spider:1 Spider:2 Spider:3 Spider:4)
  3 ugly things (D:12 D:14)
  4 orc sorcerers (Orc:1 Orc:2)
  9 moths of wrath (Spider:1 Spider:2 Spider:3 Spider:4)
  12 fauns (Shoals:1 Shoals:2 Shoals:3)
  17 manticores (D:12 D:13 D:15 Shoals:1 Shoals:2)
  9 cyclopes (D:11 D:13 D:14 Orc:2 D:15)
  3 centaur zombies (D:15)
  8 merfolk sirens (Lair:2 Shoals:1 Shoals:2 Shoals:4)
  2 elephants (Lair:2)
  2 ice statues (IceCv)
  3 black mambas (Lair:2 Lair:4 Lair:5)
  2 gargoyles (D:12 D:14)
  6 torpor snails (Lair:5 Spider:1 Spider:2)
  4 water nymphs (Shoals:1 Shoals:3 Shoals:4)
  A centaur skeleton (D:15)
  6 cane toads (Lair:1 Lair:3 Lair:2 Lair:4 Lair:5)
  3 rime drakes (Lair:3 Lair:4)
  2 kobold demonologists (D:13)
  18 demonic crawlers (Lair:3 Spider:1 Spider:2 Spider:3)
  8 komodo dragons (Lair:3 Lair:2 Lair:4 D:13)
  Maggie (Lair:2)
  6 ice devils (IceCv)
  A redback zombie (Spider:4)
  A tengu conjurer (D:15)
  11 trolls (D:7 D:8 D:9 D:11 Orc:1)
  6 meliai (Spider:2)
  A polar bear (Lair:2)
  7 wind drakes (Shoals:1 Shoals:2 Shoals:3 Shoals:4)
  23 tarantellas (Spider:1 Spider:2 Spider:3 Spider:4)
  A spectral tarantella (Spider:4)
  3 tyrant leeches (Lair:5)
  6 saltlings (Orc:2)
  A raiju (shapeshifter) (D:13)
  A culicivora zombie (Spider:4)
  4 blink frogs (Lair:2 Lair:5)
  16 merfolk (Lair:2 Shoals:1 Shoals:2 Shoals:4)
  3 hornets (Lair:5)
  A tarantella zombie (Spider:4)
  8 snapping turtles (Shoals:1 Shoals:2 Shoals:3 Shoals:4)
  5 dream sheep (Lair:5 Shoals:3)
  14 slime creatures (D:13 D:14 D:15)
  Grinder (D:4)
  24 jumping spiders (Spider:1 Spider:2 Spider:3 Spider:4)
  19 culicivoras (Spider:1 Spider:2 Spider:3 Spider:4)
  Sigmund (D:3)
  A wyvern (Lair:3)
  A shadow (D:12)
  4 wraiths (D:13 Orc:2)
  7 water elementals (Shoals:2 Shoals:3 Shoals:4)
  38 yaks (D:10 D:11 Lair:1 D:8 Lair:2)
  4 basilisks (Lair:2 Lair:5 D:14 D:15)
  A death yak simulacrum (IceCv)
  3 vampire mosquitoes (D:12)
  A steam dragon (D:9)
  44 redbacks (Lair:3 Spider:1 Spider:2 Spider:3 Spider:4)
  Edmund (D:6)
  6 wargs (Orc:1 Orc:2)
  A harpy simulacrum (IceCv)
  2 acid dragons (D:11 Lair:5)
  18 water moccasins (D:5 D:6 D:7 Lair:1 Lair:3)
  Duvessa (D:5)
  An ice beast (D:5)
  3 swamp drakes (Lair:5)
  A sky beast (D:7)
  A hornet zombie (D:15)
  2 black bears (D:5 Lair:1)
  30 orc warriors (D:6 D:7 D:9 Orc:1 Orc:2)
  10 ogres (D:5 Orc:1 Orc:2)
  3 boggarts (D:15)
  7 centaurs (D:5 D:8 D:10 D:11 D:13)
  9 wolves (Lair:1 Lair:4)
  A phantom (D:7)
  A lemure (D:5)
  3 kobold brigands (D:7 D:8 D:9)
  15 bullfrogs (Sewer D:6 D:8 Lair:1 Lair:3)
  4 scorpions (D:5 D:6 D:7)
  2 necrophages (D:4)
  4 two-headed ogre simulacra (IceCv)
  Dowan (D:5)
  9 wights (D:8 D:9)
  3 elephant simulacra (IceCv)
  11 killer bees (D:9 D:10)
  4 electric eels (D:8 Spider:3)
  2 howler monkeys (D:8 D:9)
  10 hounds (D:4 D:5 D:8)
  10 orc priests (D:9 D:10 Orc:1 Orc:2)
  Crazy Yiuf (D:3)
  2 jellies (D:3 D:5)
  Ijyb (D:5)
  7 iguanas (D:5 D:7 Lair:5)
  25 orc wizards (D:5 D:8 D:9 D:10 D:11)
  A troll simulacrum (IceCv)
  2 spriggan simulacra (IceCv)
  2 wolf simulacra (IceCv)
  2 human simulacra (D:10)
  A mummy (D:8)
  A naga simulacrum (IceCv)
  11 adders (D:2 D:3 D:5 Sewer)
  2 river rats (Sewer)
  2 shadow imps (D:5 D:7)
  4 white imps (D:6 IceCv)
  4 ufetubi (D:5 IceCv)
  A dart slug (D:3)
  83 orcs (D:4 D:3 D:5 D:6 D:7)
  13 bats (D:1 D:3 Lair:4)
  6 endoplasms (D:1 D:3 Sewer)
  2 giant cockroaches (D:4 D:6)
  4 goblins (D:1 D:3 D:4)
  9 hobgoblins (D:1 D:2 D:3 D:4)
  6 jackals (D:1 D:5)
  29 kobolds (D:1 D:2 D:3 D:4 D:7)
  5 quokkas (D:2 D:3 D:4 D:5)
  18 ball pythons (D:1 D:3 Sewer)
  4 frilled lizards (D:1 D:2 Sewer)
  3 hobgoblin zombies (D:8)
  A kobold zombie (D:8)
  30 rats (D:2 D:3 D:6 Sewer)
  A butterfly (D:10)
  3 pillars of salt (Orc:2)
  A plant (Shoals:2)
1030 creatures vanquished.

Vanquished Creatures (collateral kills)
  An ice dragon (Lair:5)
  A hydra (D:13)
  A centaur warrior (D:14)
  A tengu warrior (D:13)
  2 death yaks (Lair:5)
  An orc knight (Orc:2)
  2 lindwurms (Lair:5)
  3 ugly things (D:14)
  An elephant (Lair:2)
  2 torpor snails (Lair:5)
  2 rime drakes (Lair:5)
  2 yaktaurs (D:14)
  3 komodo dragons (Lair:2 Lair:5)
  An efreet (D:15)
  A polar bear (Lair:4)
  10 slime creatures (D:13 D:14 D:15)
  4 hornets (Lair:5)
  2 saltlings (Orc:2)
  3 dream sheep (Lair:5)
  2 blink frogs (Lair:5)
  3 basilisks (Lair:2 D:15)
  A steam dragon (Lair:5)
  A hydra simulacrum (IceCv)
  4 orc warriors (Orc:2)
  An ogre (Orc:2)
  2 wolves (Lair:4)
  2 kobold brigands (D:13)
  2 orc wizards (Orc:1 Orc:2)
  5 orcs (Orc:2)
  4 kobolds (D:13)
  A ball lightning (Orc:2)
71 creatures vanquished.

Vanquished Creatures (others)
  An orc (D:9)
  88 ball lightnings (Orc:2 D:15 Spider:1 Spider:3)
  20 fungi (Lair:2 Lair:3 Lair:5)
  19 pillars of salt (Orc:2)
  146 plants (D:6 Lair:1 Lair:2 Lair:3 Lair:4)
274 creatures vanquished.

Grand Total: 1375 creatures vanquished

Table legend: (Time is in decaauts)
 A = Elapsed time spent in this place.
 B = Non-inter-level travel time spent in this place.
 C = Inter-level travel time spent in this place.
 D = Time resting spent in this place.
 E = Time spent auto-exploring this place.
 F = Levels seen in this place.
 G = Mean time per level.
                   A        B        C        D        E       F      G
               +--------+--------+--------+--------+--------+-----+--------+
         Total |  42133 |  38144 |   3989 |  11338 |  19906 |  34 | 1239.2 |
       Dungeon |  17707 |  15313 |   2394 |   3458 |   8831 |  15 | 1180.5 |
          Lair |   8458 |   7644 |    814 |   2759 |   3708 |   5 | 1691.6 |
        Shoals |   5273 |   5069 |    204 |   1333 |   3155 |   4 | 1318.2 |
   Spider Nest |   5606 |   5179 |    427 |   1965 |   2301 |   4 | 1401.5 |
  Orcish Mines |   2694 |   2546 |    148 |    895 |   1275 |   2 | 1347.0 |
        Bazaar |    154 |    154 |      0 |      0 |     74 |   1 |  154.0 |
         Sewer |    698 |    698 |      0 |    314 |    266 |   1 |  698.0 |
      Ice Cave |   1395 |   1395 |      0 |    614 |    296 |   1 | 1395.0 |
      Gauntlet |    144 |    144 |      0 |      0 |      0 |   1 |  144.0 |
               +--------+--------+--------+--------+--------+-----+--------+

Top non-repeatable levels by time:
  Lair:5: 2194 daAuts
  Lair:3: 2159 daAuts
     D:5: 1794 daAuts
Shoals:4: 1791 daAuts
    D:13: 1671 daAuts
    D:11: 1599 daAuts
Spider:2: 1581 daAuts
  Lair:4: 1505 daAuts
Spider:1: 1500 daAuts
     D:3: 1499 daAuts
Spider:3: 1445 daAuts
   Orc:2: 1436 daAuts
   IceCv: 1395 daAuts
     D:9: 1358 daAuts
  Lair:2: 1331 daAuts

Table legend:
 A = Non-vault XP
 B = Vault XP
 C = Vault XP percentage of total XP
 D = Non-vault monster count
 E = Vault monster count
 F = Vault count percentage of total count
                 A         B        C        D         E       F
            +---------+---------+-------+---------+---------+-------
      Total |  217253 |   86009 |  28.4 |     788 |     306 |  28.0
            +---------+---------+-------+---------+---------+-------
        D:1 |      42 |       0 |   0.0 |      24 |       0 |   0.0
        D:2 |      44 |      14 |  24.1 |      13 |       2 |  13.3
        D:3 |     111 |     271 |  70.9 |      20 |       5 |  20.0
        D:4 |     244 |     258 |  51.4 |      17 |       1 |   5.6
        D:5 |    1395 |    1166 |  45.5 |      22 |      10 |  31.2
        D:6 |     864 |     167 |  16.2 |      13 |       5 |  27.8
        D:7 |    1280 |       0 |   0.0 |      23 |       0 |   0.0
        D:8 |    1592 |     669 |  29.6 |      31 |      14 |  31.1
        D:9 |    1831 |       0 |   0.0 |      33 |       0 |   0.0
       D:10 |    2168 |      44 |   2.0 |      23 |       2 |   8.0
       D:11 |    6311 |       0 |   0.0 |      20 |       0 |   0.0
       D:12 |    5134 |       0 |   0.0 |      14 |       0 |   0.0
       D:13 |    7654 |       0 |   0.0 |      24 |       0 |   0.0
       D:14 |   10088 |    1650 |  14.1 |      20 |       3 |  13.0
       D:15 |    8811 |    5099 |  36.7 |      26 |      10 |  27.8
     Lair:1 |    3290 |     867 |  20.9 |      18 |       9 |  33.3
     Lair:2 |    7082 |    3488 |  33.0 |      23 |       7 |  23.3
     Lair:3 |    3836 |    2169 |  36.1 |      13 |       8 |  38.1
     Lair:4 |    5959 |      13 |   0.2 |      19 |       8 |  29.6
     Lair:5 |   14033 |   10833 |  43.6 |      27 |      33 |  55.0
   Shoals:1 |    9845 |    2342 |  19.2 |      20 |       2 |   9.1
   Shoals:2 |   15762 |       0 |   0.0 |      31 |       0 |   0.0
   Shoals:3 |    5697 |     587 |   9.3 |      14 |       1 |   6.7
   Shoals:4 |   12112 |   19689 |  61.9 |      23 |      30 |  56.6
   Spider:1 |   14673 |    3900 |  21.0 |      34 |      10 |  22.7
   Spider:2 |   26183 |       0 |   0.0 |      58 |       0 |   0.0
   Spider:3 |   21868 |       0 |   0.0 |      49 |       0 |   0.0
   Spider:4 |   18644 |   11808 |  38.8 |      42 |      25 |  37.3
      Orc:1 |    3009 |       0 |   0.0 |      36 |       0 |   0.0
      Orc:2 |    7691 |   15385 |  66.7 |      58 |      48 |  45.3
      Sewer |       0 |     270 | 100.0 |       0 |      43 | 100.0
      IceCv |       0 |    5320 | 100.0 |       0 |      30 | 100.0
            +---------+---------+-------+---------+---------+-------
